 Dungeon Crawl Stone Soup version 0.32-a0-665-g3d30ec2 (webtiles) character file.

Game seed: 6843956994111210451

17060287 december12 the Archmage (level 27, 291/291 HPs)
             Began as a Barachi Artificer on Mar 8, 2024.
             Was a Follower of Uskayaw.
             Escaped with the Orb
             ... and 15 runes on Mar 9, 2024!
             The game lasted 04:15:09 (91264 turns).

december12 the Archmage (Barachi Artificer)        Turns: 91264, Time: 04:15:09

Health: 291/291    AC: 49    Str: 13    XL:     27
Magic:  54/54      EV: 26    Int: 21    God:    Uskayaw [*.....]
Gold:   13154      SH:  0    Dex: 14    Spells: 5/80 levels left

rFire   + + +        a - +9 double sword (venom)
rCold   + . .        o - orb {guile} {!d}
rNeg    + . .        U - melded +3 troll leather armour
rPois   ∞            c - +2 hat {Will+}
rElec   +            e - +4 dragonskin cloak
rCorr   .            k - melded +2 pair of gloves "Keabesk" {rElec}
SInv    +            m - melded +2 pair of boots "Ihaohu" {rCorr Str+4}
Will    ++...        A - amulet of Vitality {Regen++ RegenMP++}
Stlth   +            D - ring "Xoreat" {rC+ Will+ Int+4 Dex-2 SInv}
HPRegen 2.28/turn    E - ring "Jirchod" {rPois rF+++ AC+4 Stlth-}
MPRegen 1.14/turn

%: clarity
@: statue-form, studying 4 skills, very slow
A: slow and powerful, torment resistance 1, boosted hp, amphibious, (slowness
1), strong legs 2, +LOS, (iridescent scales 1), clarity, clumsy 1, dopey 1,
frail 1, (shaggy fur 1), weak 1, no potion heal 1, inability to drink after
injury 1, inability to read after injury 1, persistent drain
0: Orb of Zot
}: 15/15 runes: decaying, slimy, silver, golden, iron, obsidian, icy, bone,
abyssal, demonic, glowing, magical, fiery, dark, gossamer
a: Hop, Begin Untransformation, Renounce Religion, Stomp


You escaped.
You worshipped Uskayaw.
Uskayaw was extremely pleased with you.
You were a living statue of rough stone.
You visited 18 branches of the dungeon, and saw 87 of its levels.
You visited Pandemonium 1 time, and saw 14 of its levels.
You visited the Abyss 1 time.
You completed 1 ziggurat, and saw 27 of its levels.
You also visited: Sewer, Ice Cave and Volcano.

You collected 16039 gold pieces.
You spent 2885 gold pieces at shops.

Inventory:

Hand Weapons
 a - a +9 double sword of venom (weapon)
Missiles
 l - 4 curare-tipped darts
 Z - 8 throwing nets (quivered) {!f}
Armour
 c - a +2 hat of willpower (worn)
 e - the +4 dragonskin cloak (worn)
   (You took it off Tiamat on level 1 of the Realm of Zot)

   Avatar's Aegis: It grants the wearer a chance to resist fire, cold, poison,
   electricity, acid, and negative energy.
 k - the +2 pair of gloves "Keabesk" (melded) {rElec}
   (You found it on level 27 of a ziggurat)

   rElec:     It insulates you from electricity.
 m - the +2 pair of boots "Ihaohu" (melded) {rCorr Str+4}
   (You acquired it on level 2 of the Lair of Beasts)

   Str+4:     It affects your strength (+4).
   rCorr:     It protects you from acid and corrosion.
 o - an orb of guile (worn) {!d}
 r - a +2 cloak of preservation
 U - a +3 troll leather armour (melded)
Magical Staves
 b - the staff "Zualyhun" {rElec Stlth+ Ice Air Earth, !d !a !v}
   (You found it on level 15 of a ziggurat)

   [staff of air]

   Base accuracy: +5 Base damage: 5 Base attack delay: 1.2 This weapon's minimum
   attack delay (0.6) is reached at skill level 12.
   rElec:     It insulates you from electricity.
   Stlth+:    It makes you more stealthy.
   Ice:       It increases the power of your Ice spells.
   Air:       It increases the power of your Air spells.
   Earth:     It increases the power of your Earth spells.
   It falls into the 'Staves' category.
   It is a one-handed weapon.
Jewellery
 A - the amulet of Vitality (around neck) {Regen++ RegenMP++}
   (You found it on level 9 of a ziggurat)

   [amulet of nothing]

   Regen++:   It increases your rate of health regeneration.
   RegenMP++: It increases your rate of magic regeneration.
 B - the ring "Xank" {Fly rF+ rC+ rN+}
   (You bought it in a shop on level 1 of the Orcish Mines)

   [ring of protection from cold]

   rF+:       It protects you from fire.
   rC+:       It protects you from cold.
   rN+:       It protects you from negative energy.
   Fly:       It grants you flight.
 C - the ring of the Jester {rN+ rCorr MP+9}
   (You found it on level 12 of a ziggurat)

   [ring of magical power]

   rN+:       It protects you from negative energy.
   MP+9:      It affects your magic capacity (+9).
   rCorr:     It protects you from acid and corrosion.
 D - the ring "Xoreat" (left fist) {rC+ Will+ Int+4 Dex-2 SInv}
   (You found it on level 23 of a ziggurat)

   [ring of protection from cold]

   Int+4:     It affects your intelligence (+4).
   Dex-2:     It affects your dexterity (-2).
   rC+:       It protects you from cold.
   Will+:     It increases your willpower.
   SInv:      It lets you see invisible.
 E - the ring "Jirchod" (right fist) {rPois rF+++ AC+4 Stlth-}
   (You found it on level 27 of a ziggurat)

   [ring of protection]

   AC+4:      It affects your AC (+4).
   rF+++:     It renders you almost immune to fire.
   rPois:     It protects you from poison.
   Stlth-:    It makes you less stealthy.
Talismans
 s - a granite talisman (active)
Wands
 G - a wand of paralysis (125)
 H - a wand of light (76)
 V - a wand of digging (50)
 W - a wand of iceblast (138)
Scrolls
 d - 12 scrolls of enchant armour
 i - 3 scrolls of revelation
 n - 11 scrolls of vulnerability
 u - 35 scrolls of teleportation
 I - 6 scrolls of amnesia
 J - 11 scrolls of blinking
 L - 12 scrolls of immolation
 M - 13 scrolls of fog
 P - 5 scrolls of butterflies
Potions
 f - 41 potions of curing
 h - 18 potions of heal wounds
 j - 4 potions of resistance
 q - 11 potions of lignification
 t - 11 potions of enlightenment
 v - 11 potions of attraction
 w - 6 potions of might
 x - 5 potions of haste
 z - 2 potions of magic
 N - a potion of cancellation
 O - 2 potions of brilliance
 Q - a potion of invisibility
 T - 4 potions of ambrosia
Miscellaneous
 p - a phial of floods
 y - 2 +1 figurines of a ziggurat
 K - a phantom mirror
 R - a condenser vane


   Skills:
 O Level 27 Fighting
 - Level 22.0 Long Blades
 - Level 2.4 Armour
 O Level 27 Dodging
 - Level 0.8 Stealth
 O Level 27 Spellcasting
 - Level 6.0 Conjurations
 - Level 25.0 Hexes
 - Level 12.0 Translocations
 O Level 27 Ice Magic
 - Level 25.0 Air Magic
 - Level 9.0 Earth Magic
 - Level 9.0 Alchemy
 + Level 25.4 Invocations
 - Level 4.0 Evocations
 - Level 25.0 Shapeshifting


You had 5 spell levels left.
You knew the following spells:

 Your Spells              Type           Power      Damage    Failure   Level
a - Polar Vortex          Ice            48%        12d6*     1%          9
b - Summon Mana Viper     Hex/Summ       69%        N/A       1%          5
c - Vhi's Electric Charg  Tloc/Air       100%       N/A       0%          4
d - Discord               Hex            46%        N/A       1%          8
e - Ozocubu's Refrigerat  Ice            48%        4d18      0%          7
g - Enfeeble              Hex            46%        N/A       1%          7
i - Maxwell's Capacitive  Air            46%        ∞         1%          8
o - Passwall              Erth           60%        N/A       1%          3
p - Passage of Golubria   Tloc           68%        N/A       1%          4
r - Irradiate             Conj/Alch      28%        3d21      1%          5
v - Blink                 Tloc           100%       N/A       0%          2
y - Yara's Violent Unrav  Hex/Alch       39%        3d16      1%          5
z - Apportation           Tloc           100%       N/A       0%          1
S - Silence               Hex/Air        46%        N/A       0%          5
W - Lesser Beckoning      Tloc           100%       N/A       0%          2

Your spell library contained the following spells:

 Spells                   Type           Power      Damage    Failure   Level
 Freeze                   Ice            100%       1d10      0%          1
 Shock                    Conj/Air       100%       1d9       0%          1
 Slow                     Hex            100%       N/A       0%          1
 Cigotuvi's Dreadful Rot  Necr/Alch/Air  100%       N/A       0%          2
 Ensorcelled Hibernation  Hex/Ice        100%       N/A       0%          2
 Jinxbite                 Hex            100%       N/A       0%          2
 Mercury Vapours          Alch/Air       100%       N/A       0%          2
 Static Discharge         Conj/Air       100%       3-8/arc   0%          2
 Confusing Touch          Hex            93%        N/A       0%          3
 Dazzling Flash           Conj/Hex       100%       N/A       0%          3
 Frozen Ramparts          Ice            100%       1d16      0%          3
 Hailstorm                Conj/Ice       78%        3d13      0%          3
 Mephitic Cloud           Conj/Alch/Air  71%        N/A       0%          3
 Ozocubu's Armour         Ice            96%        N/A       0%          3
 Sigil of Binding         Hex            93%        N/A       0%          3
 Summon Ice Beast         Ice/Summ       71%        N/A       0%          3
 Swiftness                Air            93%        N/A       0%          3
 Tukima's Dance           Hex            93%        N/A       0%          3
 Airstrike                Air            46%        2d(7-23)  0%          4
 Cause Fear               Hex            46%        N/A       0%          4
 Dimensional Bullseye     Hex/Tloc       41%        N/A       0%          4
 Freezing Cloud           Conj/Ice/Air   41%        6-21      0%          5
 Metabolic Englaciation   Hex/Ice        47%        N/A       0%          5
 Magic Dart               Conj           100%       1d8       1%          1
 Necrotise                Necr           100%       1d9       1%          1
 Sandblast                Erth           100%       2d20      1%          1
 Sting                    Conj/Alch      100%       1d9       1%          1
 Summon Small Mammal      Summ           100%       N/A       1%          1
 Call Imp                 Summ           56%        N/A       1%          2
 Momentum Strike          Conj/Tloc      100%       3d10      1%          2
 Scorch                   Fire           56%        2d7       1%          2
 Searing Ray              Conj           100%       2d8       1%          2
 Gell's Gravitas          Tloc           68%        N/A       1%          3
 Inner Flame              Hex/Fire       69%        N/A       1%          3
 Stone Arrow              Conj/Erth      100%       3d13      1%          3
 Teleport Other           Tloc           68%        N/A       1%          3
 Volatile Blastmotes      Fire/Tloc      100%       2d18      1%          3
 Anguish                  Hex/Necr       34%        N/A       1%          4
 Animate Armour           Summ/Erth      94%        N/A       1%          4
 Brom's Barrelling Bould  Conj/Erth      56%        2d7       1%          4
 Fulminant Prism          Conj/Alch      28%        3d14      1%          4
 Ignite Poison            Fire/Alch      47%        N/A       1%          4
 Iskenderun's Mystic Bla  Conj/Tloc      60%        2d13      1%          4
 Leda's Liquefaction      Alch/Erth      30%        N/A       1%          4
 Manifold Assault         Tloc           68%        N/A       1%          4
 Olgreb's Toxic Radiance  Alch           60%        N/A       1%          4
 Petrify                  Alch/Erth      60%        N/A       1%          4
 Sticky Flame             Fire/Alch      47%        2d9       1%          4
 Summon Lightning Spire   Summ/Air       69%        N/A       1%          4
 Alistair's Intoxication  Alch           40%        N/A       1%          5
 Arcjolt                  Conj/Air       38%        1d48      1%          5
 Lee's Rapid Deconstruct  Erth           30%        3d16*     1%          5
 Iskenderun's Battlesphe  Conj           52%        2d10      2%          5
 Summon Forest            Summ/Tloc      26%        N/A       2%          5
 Call Canine Familiar     Summ           28%        N/A       3%          3
 Fugue of the Fallen      Necr           28%        N/A       3%          3
 Vampiric Draining        Necr           28%        2d8       3%          3
 Flame Wave               Conj/Fire      40%        2d11      3%          4
 Borgnjor's Vile Clutch   Necr/Erth      23%        N/A       4%          5
 Fireball                 Conj/Fire      20%        3d10      9%          5
 Animate Dead             Necr           28%        N/A       11%         4
 Dispel Undead            Necr           28%        3d13      11%         4
 Martyr's Knell           Necr/Summ      28%        N/A       11%         4
 Summon Blazeheart Golem  Fire/Summ      28%        N/A       11%         4
 Curse of Agony           Necr           28%        N/A       30%         5
 Conjure Ball Lightning   Conj/Air       38%        3x3d12    1%          6
 Dispersal                Tloc           34%        N/A       1%          6
 Plasma Beam              Fire/Air       34%        2x1d47    1%          6
 Sculpt Simulacrum        Ice/Alch       40%        N/A       1%          6
 Eringya's Noxious Bog    Alch           30%        4d6       4%          6
 Bombard                  Conj/Erth      28%        9d5       8%          6
 Starburst                Conj/Fire      20%        6d7       45%         6
 Disjunction              Tloc           34%        N/A       47%         8
 Malign Gateway           Summ/Tloc      26%        N/A       63%         7
 Orb of Destruction       Conj           26%        9d9       63%         7
 Death Channel            Necr           14%        N/A       86%         6
 Summon Cactus Giant      Summ           14%        N/A       86%         6
 Chain Lightning          Conj/Air       38%        3d50      89%         9
 Spellforged Servitor     Conj/Summ      20%        N/A       95%         7
 Lehudib's Crystal Spear  Conj/Erth      28%        10d7      98%         8
 Haunt                    Necr/Summ      14%        N/A       100%        7
 Monstrous Menagerie      Summ           14%        N/A       100%        7
 Summon Hydra             Summ           14%        N/A       100%        7
 Borgnjor's Revivificati  Necr           14%        N/A       100%        8
 Ignition                 Fire           14%        3d6       100%        8
 Infestation              Necr           14%        N/A       100%        8
 Summon Horrible Things   Summ           14%        N/A       100%        8
 Death's Door             Necr           14%        N/A       100%        9
 Dragon's Call            Summ           14%        N/A       100%        9
 Fire Storm               Conj/Fire      20%        8d5       100%        9
 Shatter                  Erth           30%        3d25*     100%        9
 Sublimation of Blood     Necr           Unusable   N/A       N/A         2

Dungeon Overview and Level Annotations

Branches:
Dungeon (15/15)            Temple (1/1) D:4            Lair (5/5) D:10
  Swamp (4/4) Lair:2       Spider (4/4) Lair:2        Slime (5/5) Lair:4
    Orc (2/2) D:11            Elf (3/3) Orc:2        Vaults (5/5) D:14
  Crypt (3/3) Vaults:2       Tomb (3/3) Crypt:3      Depths (4/4) D:15
   Hell (visited)             Dis (7/7) Hell            Geh (7/7) Hell
    Coc (7/7) Hell            Tar (7/7) Hell            Zot (5/5) Depths:4
  Sewer (visited)           IceCv (visited)         Volcano (visited)

Altars:
Ashenzari
Cheibriados
Dithmenos
Elyvilon
Fedhas
Gozag
Hepliaklqana
Kikubaaqudgha
Makhleb
Nemelex Xobeh
Okawaru
Qazlal
Ru
Sif Muna
Trog
Uskayaw
Vehumet
Wu Jian
Xom
Yredelemnul
Zin
The Shining One
Beogh
Jiyva
Lugonu

Shops:
D:13 ?   D:14 !   Orc:1 !?=   Orc:2 [((=   Depths:2 =::

Portals:
Hell: Depths:1 Depths:2 Depths:3 Depths:4
Abyss: Depths:3
Pandemonium: Depths:1 Depths:2


Innate Abilities, Weirdness & Mutations

You are a living statue of rough stone.
Your actions are slow, but your melee attacks are powerful.
You are resistant to unholy torment.
Your maximum health is greatly increased.
Your equipment is partially melded.
You are amphibious.
You are immune to poison.
((You cover ground slowly.))
You can hop long distances.
You have an extended range of vision and can be seen from far away.
((You are partially covered in iridescent scales. (AC +2)))
You possess an exceptional clarity of mind.
You are clumsy. (Dex -2)
You are dopey. (Int -2)
You are frail. (-10% HP)
((You are covered in fur. (AC +1)))
You are weak. (Str -2)
Potions are less effective at restoring your health.
You occasionally lose the ability to drink potions when taking damage.
You occasionally lose the ability to read scrolls when taking damage.
Your health recovers twice as slowly from being drained.


Message History

Aiming: Passwall (safe; 1% risk of failure)
Press: ? - help, Dir - move target A rock wall.
This square is covered in magical glow.
You begin to meditate on the wall.
You continue meditating on the rock.
Magic restored.
The sixfirhy completely misses you.
The sixfirhy hits you but does no damage.
The sixfirhy misses you. The sixfirhy completely misses you.
You continue meditating on the rock.
The sixfirhy hits you but does no damage.
The sixfirhy completely misses you. x2
You finish merging with the rock.
Casting: Passwall (safe; 1% risk of failure)
Confirm with . or Enter, or press ? or * to list all spells.
Aiming: Passwall (safe; 1% risk of failure)
Press: ? - help, Dir - move target A rock wall.
This square is covered in magical glow.
You begin to meditate on the wall.
You continue meditating on the rock. x2
You finish merging with the rock.
Unknown command.
Casting: Passwall (safe; 1% risk of failure)
Confirm with . or Enter, or press ? or * to list all spells.
Aiming: Passwall (safe; 1% risk of failure)
Press: ? - help, Dir - move target A rock wall.
This square is covered in magical glow.
You begin to meditate on the wall.
You continue meditating on the rock. x2
You finish merging with the rock.
There is a staircase leading out of the dungeon here.
Okay, then.
Unknown command.
You start removing your armour.
You continue removing your +2 cloak of preservation. x4
You finish removing your +2 cloak of preservation.
You start putting on your armour.
You continue putting on the +4 dragonskin cloak. x5
You finish putting on the +4 dragonskin cloak.
You feel oddly protected from the elements.
You have escaped!

#####.##.###.###.## #.#
#####.#...#...#...# ###.#
......#...#...#...# ##...#
#######...#...#...# #..###
#.######.###.###.## #.##
#.....##.# #.# #.# #.#
#...#.##.###.###.## #.#
....#.#...#...#...######.#
#.#.#.#.......#.I.'......#
#...#.#...#...#...########
#####.#############
#####.#....# ...##....#.#
..3.######.# ##.........#
.#..######## .#.##


There were no monsters in sight!

Vanquished Creatures
  Cerebov (Pan)
  Antaeus (Coc:7)
  Asmodeus (Geh:7)
  Mnoleg (Pan)
  the Royal Jelly (Slime:5)
  Dissolution (Slime:2)
  12 pandemonium lords
  Gloorx Vloq (Pan)
  Ereshkigal (Tar:7)
  the Serpent of Hell (Geh:7)
  Lom Lobon (Pan)
  Tiamat (Zot:1)
  Khufu (Crypt:3)
  7 dread liches
  15 orbs of fire
  Dispater (Dis:7)
  Mara (Elf:3)
  5 ancient liches
  3 juggernauts (Dis:7)
  Josephina (Depths:4)
  15 royal mummies
  The ghost of Tanach the Slayer, a veteran CoGl of Gozag (Depths:4)
  12 shard shrikes
  the Lernaean hydra (Swamp:4)
  Margery (Vaults:4)
  Saint Roka (Elf:3)
  7 Killer Klowns
  3 curse toes
  22 caustic shrikes
  6 golden dragons
  Geryon (Hell)
  The ghost of Jetyrhek the Devastator, a veteran GrEE of Lugonu (Crypt:1)
  16 bone dragons
  Jory (Vaults:5)
  5 profane servitors
  22 Brimstone Fiends
  5 doom hounds
  10 Tzitzimimeh
  A shard shrike zombie (Hell)
  14 Ice Fiends
  3 electric golems
  11 Hell Sentinels
  7 hellephants
  Zenata (Vaults:2)
  5 iron giants
  23 tentacled monstrosities
  A walking crystal tome (Depths:2)
  14 tainted leviathans
  15 liches
  2 deep elf master archers (Elf:3)
  Asterion (Spider:3)
  An acid blob (shapeshifter) (Zig:22)
  6 death cobs
  30 ancient champions
  11 sphinxes
  16 titans
  17 acid blobs
  24 Executioners
  7 tentacled starspawn
  An eldritch tentacle (Pan)
  23 Orb Guardians
  A deep elf blademaster (Elf:3)
  8 quicksilver dragons
  Gastronok (Lair:1)
  21 searing wretches
  Kirke (D:14)
  4 thorn hunters
  7 tengu reavers
  5 shadow dragons
  23 storm dragons
  Donald (Spider:3)
  19 azure jellies
  15 rockslimes
  Roxanne (Spider:3)
  Aizul (Swamp:2)
  5 nagarajas
  10 fire giants
  10 draconian monks
  5 fenstrider witches
  2 demonspawn warmongers
  8 protean progenitors
  11 revenants
  19 narguns
  8 draconian knights
  10 deep elf sorcerers
  The ghost of fbwer the Eclecticist, an adept TeAE of Vehumet (Elf:1)
  7 frost giants
  11 draconian shifters
  10 quicksilver elementals
  14 draconian scorchers
  5 iron dragons
  36 balrugs
  6 emperor scorpions
  Louise (Spider:4)
  2 ghouls
  15 ghost moths
  21 reapers
  16 curse skulls
  5 shard shrike simulacra
  16 vault wardens
  7 deep elf elementalists (Elf:3)
  A spriggan defender (Depths:3)
  22 ironbound preservers
  5 orc warlords
  12 cacodemons
  8 juggernaut skeletons
  3 caustic shrike skeletons (Pan)
  16 draconian stormcallers
  14 quicksilver oozes
  11 broodmothers
  5 draconian annihilators
  4 demonspawn blood saints
  17 very ugly things
  17 stone giants
  8 eleionomae
  2 formless jellyfish (Slime:1)
  6 ironbound thunderhulks
  The ghost of poml the Summoner, a journeyman NaSu of Cheibriados (Lair:4)
  17 elemental wellsprings
  5 deep elf demonologists
  9 green draconians
  9 deep elf death magi
  2 demonspawn black suns (Pan)
  9 vampire knights
  6 deep elf annihilators
  11 red draconians
  3 lorocyprocas
  14 purple draconians
  8 white draconians
  11 bennus
  34 war gargoyles
  15 wendigos
  11 black draconians
  11 dire elephants
  6 spark wasps
  2 bunyips (Zig:14)
  13 yellow draconians
  15 putrid mouths
  2 spectral quicksilver dragons
  14 iron golems
  7 green deaths
  19 jiangshi
  8 eidola
  14 ettins
  8 fire dragons
  11 mummy priests
  2 shambling mangroves
  5 merfolk impalers (Zig:24)
  A quicksilver dragon zombie (Crypt:1)
  4 deep elf high priests
  12 blizzard demons
  7 ice dragons
  29 vault guards
  2 starcursed masses (Zig:17)
  10 entropy weavers
  3 spectral spriggans (Tar:1)
  6 caustic shrike simulacra
  5 rakshasas
  3 spriggan air magi
  4 juggernaut simulacra
  16 yaktaur captains
  A spectral shadow dragon (Tar:1)
  13 great orbs of eyes
  4 catoblepae
  5 ogre magi
  17 hydras
  7 stokers
  5 alligators
  7 salamander tyrants
  6 radroaches
  2 hell beasts (Pan)
  9 centaur warriors
  3 anacondas (Zig:7)
  A servant of whispers (Zig:18)
  2 ghost crabs
  6 jorogumos
  7 boulder beetles
  5 ironbound frosthearts
  6 death knights
  A two-headed ogre (shapeshifter) (Vaults:5)
  13 two-headed ogres
  24 dancing weapons
  2 spriggan skeletons
  18 hell hogs
  2 merfolk aquamancers
  8 death yaks
  5 deep troll shamans
  5 deep troll earth magi
  10 demonic crawlers
  26 death scarabs
  A sphinx skeleton (Vaults:4)
  13 vampire magi
  4 tengu warriors
  A spectral dire elephant (Tar:2)
  9 hell knights
  3 orc high priests (Zig:26)
  A spectral stone giant (Tar:2)
  6 spriggan berserkers
  4 thrashing horrors
  A shock serpent (shapeshifter) (Vaults:5)
  13 soul eaters
  An occultist (Abyss:4)
  3 skysharks
  A salamander mystic (Zig:12)
  A naga sharpshooter (Zig:6)
  43 sun demons
  9 wretched stars
  2 hellephant skeletons (Pan)
  13 crystal echidnas
  11 deep elf knights
  7 iron trolls
  46 skeletal warriors
  15 shadow wraiths
  10 sixfirhies
  2 fire crabs (Zig:15)
  5 goliath frogs
  5 pharaoh ants
  A cherub (D:3)
  4 glowing orange brains
  17 orb spiders
  9 shadow demons (Pan)
  45 deep trolls
  11 spriggan druids
  9 swamp dragons
  A spectral anaconda (Tar:3)
  A naga ritualist (Zig:6)
  11 sun moths
  2 tengu zombies (Vaults:4)
  An anaconda zombie (Crypt:1)
  12 arcanists
  A spectral iron dragon (Tar:1)
  A death drake (shapeshifter) (Vaults:5)
  14 ironbound convokers
  A spectral hydra (Tar:2)
  Pikel (D:5)
  A deep troll (shapeshifter) (Zig:22)
  11 flayed ghosts
  14 bog bodies
  7 thermic dynamos
  4 deep elf archers
  7 necromancers
  5 obsidian statues
  A golden dragon skeleton (Crypt:2)
  9 spriggan simulacra
  7 orc knights
  A steelbarb worm (shapeshifter) (Vaults:4)
  9 phantasmal warriors
  A lindwurm (shapeshifter) (Depths:4)
  5 orange crystal statues
  2 harpies (Zig:24)
  15 deep elf zephyrmancers
  An alligator zombie (Tomb:1)
  8 lindwurms
  4 oklob plants
  9 steelbarb worms
  9 will-o-the-wisps
  24 deep elf pyromancers
  4 orc sorcerers
  A spectral alligator snapping turtle (Crypt:3)
  7 cyclopes
  26 wolf spiders
  10 shining eyes
  A moth of wrath (shapeshifter) (Vaults:5)
  A spectral centaur (Tar:2)
  An iron dragon skeleton (Hell)
  9 manticores
  60 ugly things
  4 meliai
  A merfolk siren (Zig:24)
  A worldbinder (Abyss:1)
  2 kobold blastminers (Orc:2)
  A centaur zombie (Tomb:3)
  2 alligator skeletons (Volcano)
  4 elephants (Lair:3)
  28 moths of wrath
  2 apocalypse crabs
  A stone giant skeleton (Vaults:4)
  17 torpor snails
  3 water nymphs (Zig:24)
  3 guardian serpents
  23 vault sentinels
  A naga zombie (Crypt:1)
  2 rust devils
  22 smoke demons
  4 ice statues
  7 black mambas
  An emperor scorpion simulacrum (Coc:2)
  11 orange demons
  A storm dragon simulacrum (Zot:1)
  3 titan simulacra
  An alligator snapping turtle zombie (Tomb:3)
  14 cane toads
  4 eyes of devastation
  A fire giant skeleton (Vaults:3)
  5 gargoyles
  A shock serpent skeleton (Crypt:1)
  8 hellions
  28 large abominations
  22 yaktaurs
  5 unseen horrors
  10 komodo dragons
  A kobold demonologist (D:10)
  13 tormentors
  18 freezing wraiths
  2 rime drakes (Lair:5)
  9 ice devils
  4 efreet
  2 bunyip simulacra
  A ghost moth simulacrum (Zot:1)
  A spectral deep troll (Tar:2)
  6 red devils
  3 anaconda simulacra
  A death yak skeleton (Crypt:2)
  A tengu conjurer (D:15)
  2 ancient zymes
  16 guardian mummies
  A merfolk (Zig:24)
  A hydra zombie (Hell)
  4 iron giant simulacra
  A polar bear (Lair:3)
  A spectral naga (Tar:2)
  21 hornets
  2 harpy zombies
  2 wind drakes (Zig:24)
  12 trolls
  A queen bee (Abyss:3)
  2 shadow dragon simulacra
  4 harpy skeletons
  12 hellwings
  24 tarantellas
  A tyrant leech (Swamp:3)
  13 blink frogs
  An alligator simulacrum (IceCv)
  Grinder (D:4)
  A snapping turtle (shapeshifter) (Vaults:5)
  A snapping turtle (Zig:24)
  3 dream sheep (Lair:3)
  4 glass eyes
  83 slime creatures
  A slime creature (shapeshifter) (Depths:1)
  43 jumping spiders
  2 centaur simulacra
  19 spriggans
  11 water elementals
  A stone giant simulacrum (Coc:1)
  3 air elementals (Elf:1)
  A spriggan (shapeshifter) (D:13)
  27 culicivoras
  9 shadows
  10 ushabtiu
  10 wraiths
  53 yaks
  A human (D:14)
  4 basilisks
  6 wyverns
  15 ynoxinuls
  7 dire elephant simulacra
  3 fire elementals
  9 vampire mosquitoes
  An alligator snapping turtle simulacrum (Coc:2)
  13 golden eyes
  6 hogs
  11 neqoxecs
  2 wargs (Zig:26)
  A warg (shapeshifter) (Vaults:3)
  A minotaur simulacrum (IceCv)
  17 chaos spawn
  Grum (D:8)
  A wind drake skeleton (Crypt:1)
  57 redbacks
  3 steam dragons
  Menkaure (D:5)
  3 human zombies
  2 human simulacra (Vaults:4)
  20 swamp worms
  2 nagas (Zig:6)
  8 harpy simulacra
  2 acid dragons
  A swamp worm (shapeshifter) (Vaults:5)
  17 water moccasins
  4 hell hounds (Pan)
  A moth of wrath simulacrum (Zot:1)
  A fire bat skeleton (Crypt:2)
  Pargi (Sewer)
  2 hydra simulacra
  3 swamp drakes
  6 ettin simulacra
  A sky beast (D:7)
  2 ice beasts
  43 laughing skulls
  A black bear (shapeshifter) (D:13)
  4 black bears
  24 orc warriors
  A black mamba simulacrum (Crypt:3)
  10 wolves
  8 centaurs
  A crocodile (shapeshifter) (Elf:2)
  22 ogres
  A boggart (Vaults:2)
  8 small abominations
  A blink frog skeleton (Crypt:1)
  4 lemures (D:5)
  A lindwurm skeleton (Crypt:2)
  3 weeping skulls
  3 phantoms
  21 kobold brigands
  14 bullfrogs
  A yaktaur zombie (Crypt:2)
  2 gnoll sergeants
  A brain worm (Abyss:1)
  A rime drake skeleton (Crypt:1)
  3 deep troll simulacra (IceCv)
  8 earth elementals
  3 naga simulacra
  5 wights
  2 glowing shapeshifter simulacra (Depths:4)
  A warg skeleton (Crypt:2)
  4 burial acolytes (Crypt:3)
  8 killer bees (D:8)
  2 lindwurm simulacra (IceCv)
  2 troll skeletons
  10 howler monkeys
  A polar bear skeleton (Crypt:1)
  An electric eel (D:8)
  A crimson imp (D:5)
  A bombardier beetle (D:5)
  4 jellies
  A quasit (Abyss:2)
  3 gnoll boudas
  A hound (D:5)
  18 orc priests
  3 sleepcaps
  Jessica (D:1)
  A basilisk skeleton (Crypt:2)
  5 iguanas
  2 iron imps
  24 orc wizards
  A scorpion zombie (D:4)
  A killer bee zombie (Crypt:1)
  A crocodile skeleton (Crypt:1)
  A naga skeleton (Volcano)
  2 hound zombies (D:4)
  A hound skeleton (D:4)
  43 mummies
  15 gnolls
  A howler monkey skeleton (D:4)
  9 adders
  A river rat (D:5)
  3 shadow imps
  4 white imps
  3 ufetubi
  2 adder zombies (D:4)
  3 adder skeletons (D:4)
  A dart slug (D:3)
  3 ribbon worms
  77 orcs
  3 endoplasms
  5 giant cockroaches
  4 goblins
  5 hobgoblins
  8 jackals
  25 kobolds
  4 quokkas
  4 ball pythons
  6 bats
  A frilled lizard (D:2)
  A gnoll skeleton (Crypt:2)
  A quokka zombie (Crypt:2)
  6 rats
  8 aspiring fleshes
  14 ball lightnings
  8 creeping infernos
  30 fire vortices
  A foxfire (Zig:15)
  15 starspawn tentacles
3767 creatures vanquished.

Vanquished Creatures (collateral kills)
  6 dread liches
  An ancient lich (Zot:5)
  16 royal mummies
  4 pandemonium lords
  5 Killer Klowns (Zig:22)
  A curse toe (Zot:5)
  11 caustic shrikes
  4 golden dragons
  Norris (Vaults:1)
  A profane servitor (Tar:7)
  4 bone dragons
  2 Tzitzimimeh
  A doom hound (Tar:4)
  2 iron giants (Dis:6)
  5 Brimstone Fiends
  4 hellephants
  2 Hell Sentinels
  3 tentacled monstrosities
  An Ice Fiend (Zig:10)
  2 liches
  2 tainted leviathans (Tar:7)
  4 Orb Guardians (Zot:5)
  A quicksilver dragon (Zot:5)
  2 titans (Coc:7)
  9 searing wretches
  2 sphinxes (Tomb:1)
  12 acid blobs
  5 death cobs
  3 Executioners
  A tentacled starspawn (Zig:17)
  11 ancient champions
  A storm dragon (Zot:5)
  A daeva (Depths:1)
  A fenstrider witch (shapeshifter) (Zig:22)
  2 protean progenitors (Zig:22)
  A fenstrider witch (Zig:11)
  An iron dragon (Depths:4)
  4 rockslimes
  4 draconian monks
  3 demonspawn warmongers
  3 narguns
  4 revenants
  A draconian knight (Zig:25)
  5 fire giants
  4 azure jellies
  3 frost giants
  A vault warden (Vaults:3)
  9 draconian scorchers
  8 draconian shifters
  A shard shrike simulacrum (Coc:6)
  2 curse skulls
  2 ghouls (Zig:27)
  A frost giant (shapeshifter) (Zig:22)
  20 balrugs
  10 draconian stormcallers
  5 reapers
  A cacodemon (Zig:13)
  4 ironbound preservers
  4 formless jellyfish
  3 quicksilver oozes (Zig:19)
  9 very ugly things
  6 orc warlords (Zig:26)
  A broodmother (Zig:18)
  9 stone giants
  A juggernaut skeleton (Tomb:3)
  3 demonspawn blood saints
  3 demonspawn corrupters
  6 draconian annihilators
  3 elemental wellsprings
  3 vampire knights
  2 eleionomae
  4 deep elf death magi
  2 lorocyprocas (Pan)
  A halazid warlock (Hell)
  2 bennus (Tomb:2)
  6 dire elephants
  3 black draconians
  3 bunyips
  4 wendigos
  A putrid mouth (Tar:5)
  4 red draconians
  4 war gargoyles (Dis:7)
  4 green draconians
  A spark wasp (Depths:2)
  5 yellow draconians
  3 demonspawn black suns
  2 iron golems (Dis:6)
  2 purple draconians
  5 eidola
  8 white draconians
  3 green deaths
  9 mummy priests
  2 blizzard demons (Pan)
  5 fire dragons
  A shambling mangrove (Zig:14)
  2 entropy weavers
  3 ettins
  2 merfolk impalers (Zig:24)
  3 great orbs of eyes
  4 merfolk javelineers (Zig:24)
  4 ice dragons
  A salamander tyrant (Zig:16)
  A rakshasa (Pan)
  A hydra (Zig:14)
  2 caustic shrike simulacra
  2 hell beasts
  2 alligators
  A quicksilver dragon skeleton (Hell)
  3 ironbound frosthearts
  A merfolk avatar (Zig:24)
  An ogre mage (Zig:12)
  A jorogumo (Zig:22)
  2 stokers
  2 ghost crabs (Zig:11)
  A two-headed ogre (Zig:26)
  34 death scarabs
  8 merfolk aquamancers (Zig:24)
  A radroach (Zig:18)
  2 deep troll shamans (Depths:4)
  3 demonic crawlers
  16 hell hogs
  3 satyrs
  A tengu warrior (Depths:1)
  5 vampire magi
  An occultist (Zig:12)
  12 orc high priests (Zig:26)
  A spectral dire elephant (Tar:1)
  3 spriggan berserkers
  14 soul eaters
  An iron troll (shapeshifter) (Zig:22)
  3 iron trolls
  12 sun demons
  16 hell knights
  3 skysharks (Vaults:1)
  A fire crab (Zig:15)
  4 skeletal warriors
  4 wretched stars
  6 sea snakes (Zig:24)
  2 sixfirhies
  3 large abominations
  A pharaoh ant (Zig:18)
  5 shadow wraiths
  A spatial maelstrom (Zig:17)
  A goliath frog (Zig:14)
  2 spriggan druids
  A quicksilver dragon simulacrum (Hell)
  2 orb spiders (Zig:22)
  2 shadow demons (Pan)
  4 flayed ghosts
  2 arcanists
  15 deep trolls
  An orb spider (shapeshifter) (Zig:22)
  A bog body (Zig:11)
  7 starcursed masses (Zig:17)
  A lindwurm (Vaults:2)
  4 swamp dragons
  3 glowing orange brains
  9 necromancers
  A wolf spider (Zig:18)
  3 spriggan simulacra
  4 phantasmal warriors
  3 ironbound convokers
  10 orc sorcerers
  4 manticores (Zig:24)
  A will-o-the-wisp (Zig:11)
  A stone giant zombie (Tomb:3)
  5 shining eyes
  8 ugly things
  A cyclops (Zig:24)
  2 meliai
  An apocalypse crab (Zig:22)
  An eye of devastation (shapeshifter) (Zig:22)
  6 orange demons
  4 rust devils
  9 moths of wrath
  4 vault sentinels (Vaults:1)
  3 eyes of devastation
  2 molten gargoyles (Hell)
  4 water nymphs (Zig:24)
  24 smoke demons
  A torpor snail (Zig:18)
  2 titan simulacra (Hell)
  An emperor scorpion simulacrum (Hell)
  11 hellions
  3 efreet
  2 freezing wraiths (Coc:1)
  A golden dragon simulacrum (Coc:2)
  An unseen horror (Tar:7)
  8 tormentors
  4 anaconda simulacra
  A tengu conjurer (Depths:4)
  A red devil (Zig:13)
  8 merfolk (Zig:24)
  An ancient zyme (Zig:17)
  20 guardian mummies
  A harpy zombie (Tomb:2)
  4 hellwings
  A tarantella (Zig:18)
  2 bloated husks
  A hydra zombie (Tomb:3)
  7 wind drakes (Zig:24)
  3 trolls (Zig:26)
  2 snapping turtles (Zig:24)
  A tyrant leech (Zig:11)
  An iron dragon simulacrum (Hell)
  8 glass eyes
  A jumping spider (shapeshifter) (Zig:22)
  A jumping spider (Zig:18)
  2 water elementals (Zig:24)
  A dire elephant simulacrum (Coc:1)
  53 slime creatures
  4 ynoxinuls (Pan)
  A spriggan (Depths:3)
  9 ushabtiu
  3 golden eyes
  A warg (Zig:26)
  A swamp worm (shapeshifter) (Zig:22)
  A spatial vortex (Zig:17)
  A chaos spawn (Pan)
  10 neqoxecs
  2 harpy simulacra (Coc:6)
  3 swamp worms (Zig:22)
  A swamp drake (Zig:14)
  8 orc warriors (Zig:26)
  A laughing skull (Zig:17)
  6 ogres (Zig:26)
  2 orc priests (Zig:26)
  2 orc wizards (Zig:26)
  24 mummies
  4 orcs
  2 aspiring fleshes
  2 ball lightnings (Zig:22)
  A creeping inferno (Geh:7)
  5 fire vortices (Zig:22)
976 creatures vanquished.

Vanquished Creatures (others)
  2 shard shrikes
  2 Killer Klowns
  A golden dragon (Zot:1)
  2 caustic shrikes
  2 profane servitors
  A hellephant (Zig:16)
  4 tentacled monstrosities
  An Orb Guardian (Zot:5)
  A searing wretch (Zig:16)
  A lich (Pan)
  An acid blob (Zig:19)
  A titan (Coc:7)
  A sphinx (shapeshifter) (Zig:22)
  An Executioner (Zig:13)
  A sphinx (Tomb:1)
  An ancient champion (Zig:27)
  A tentacled starspawn (Zig:17)
  3 pandemonium lords
  2 death cobs
  2 azure jellies
  A fenstrider witch (Zig:14)
  3 draconian monks (Zig:25)
  A fenstrider witch (shapeshifter) (Zig:22)
  6 protean progenitors
  2 rockslimes (Zig:19)
  A draconian shifter (Zot:3)
  A draconian knight (Zig:25)
  A draconian scorcher (Zig:25)
  A reaper (Hell)
  3 orc warlords (Zig:26)
  A shard shrike simulacrum (Coc:6)
  2 draconian annihilators
  2 deep elf elementalists (Elf:3)
  A cacodemon (Pan)
  A quicksilver ooze (Zig:22)
  A stone giant (Zig:26)
  An eleionoma (Zig:14)
  A deep elf death mage (Zig:27)
  2 vampire knights
  3 war gargoyles
  A wendigo (Coc:6)
  2 red draconians
  A black draconian (Zot:3)
  3 white draconians
  A bennu (Tomb:2)
  3 yellow draconians
  A blizzard demon (Pan)
  3 green deaths (Pan)
  2 mummy priests (Tomb:1)
  A merfolk impaler (Zig:24)
  A merfolk javelineer (Zig:24)
  A hell beast (Pan)
  2 radroaches (Zig:22)
  A salamander tyrant (Zig:15)
  2 merfolk aquamancers
  A caustic shrike simulacrum (Coc:7)
  3 vampire magi
  3 death scarabs (Tomb:3)
  A stoker (Geh:7)
  6 hell hogs
  A deep elf knight (Elf:2)
  A demonic crawler (Zig:18)
  A soul eater (Hell)
  3 skeletal warriors
  A shadow wraith (Zig:23)
  A skyshark (shapeshifter) (Zig:22)
  3 sun demons
  2 goliath frogs
  A salamander mystic (Zig:12)
  A fire crab (Zig:15)
  A quicksilver dragon simulacrum (Coc:6)
  2 flayed ghosts
  3 orb spiders
  A bog body (Zig:11)
  A deep elf pyromancer (Elf:2)
  A wolf spider (Zig:18)
  A harpy (Vaults:1)
  An orc sorcerer (Zig:26)
  2 manticores (Zig:24)
  3 moths of wrath (Zot:5)
  2 apocalypse crabs (Zig:22)
  A meliai (Abyss:3)
  A water nymph (Zig:24)
  8 smoke demons
  A naga mage (Zig:12)
  2 orange demons (Pan)
  6 hellions
  2 tormentors
  An efreet (Zig:15)
  4 guardian mummies (Tomb:3)
  A tyrant leech (Zig:11)
  3 bloated husks
  A tarantella (Spider:2)
  A frost giant simulacrum (Zig:3)
  2 slime creatures
  A jumping spider (Spider:2)
  A ynoxinul (Zig:17)
  A warg (Zig:26)
  3 neqoxecs (Pan)
  3 chaos spawn
  2 moth of wrath simulacra (Zot:1)
  A swamp drake (Swamp:2)
  2 orc warriors (Zig:26)
  A scorpion (D:6)
  2 orc priests
  3 orc wizards
  2 mummies (Tomb:2)
  A gnoll (D:4)
  2 orcs
  An aspiring flesh (Zig:22)
  8 ball lightnings
  2 creeping infernos (Geh:3)
  6 fire vortices (Zig:22)
  45 foxfires
  5 starspawn tentacles
264 creatures vanquished.

Grand Total: 5007 creatures vanquished

Notes
Turn   | Place    | Note
-------+----------+-------------------------------------------
     0 | D:1      | december12 the Barachi Artificer began the quest for the
                  | Orb.
     0 | D:1      | Reached XP level 1. HP: 15/15 MP: 1/1
   240 | D:1      | Reached XP level 2. HP: 20/22 MP: 2/2
   499 | D:1      | Found a faded altar of an unknown god.
  1017 | D:2      | Reached XP level 3. HP: 23/28 MP: 3/3
  1653 | D:2      | Noticed Jessica
  2768 | D:3      | Reached XP level 4. HP: 20/37 MP: 4/4
  2959 | D:1      | Killed Jessica
  3207 | D:4      | Noticed an ogre
  3212 | D:4      | Killed an ogre
  3213 | D:4      | Reached skill level 5 in Fighting
  3213 | D:4      | Reached XP level 5. HP: 46/46 MP: 5/5
  3334 | D:4      | Reached XP level 6. HP: 43/53 MP: 6/6
  3520 | D:4      | Noticed Grinder
  3544 | D:4      | Killed Grinder
  3545 | D:4      | Reached XP level 7. HP: 60/63 MP: 7/7
  3966 | D:4      | Reached skill level 1 in Long Blades
  4397 | D:4      | Found a staircase to the Ecumenical Temple.
  4554 | Temple   | Entered the Ecumenical Temple
  4586 | D:5      | Entered Level 5 of the Dungeon
  4591 | D:5      | Reached XP level 8. HP: 66/71 MP: 8/8
  4708 | D:5      | Found a radiant altar of Vehumet.
  4709 | D:5      | Found a burning altar of Makhleb.
  4782 | D:5      | Noticed Menkaure
  4796 | D:5      | Killed Menkaure
  4961 | D:5      | Found a glowing drain.
  4991 | Sewer    | Entered a sewer
  5087 | Sewer    | Noticed Pargi
  5103 | Sewer    | Killed Pargi
  5280 | D:5      | Reached skill level 5 in Long Blades
  6006 | D:5      | Noticed Pikel
  6070 | D:5      | Killed Pikel
  6071 | D:5      | Reached skill level 10 in Fighting
  6071 | D:5      | Reached XP level 9. HP: 78/78 MP: 9/9
  7033 | D:6      | Reached skill level 5 in Dodging
  7275 | D:6      | Found a basalt altar of Yredelemnul.
  7276 | D:6      | Found a hazy altar of Hepliaklqana.
  8135 | D:7      | Found a shadowy altar of Dithmenos.
  8608 | D:7      | Reached XP level 10. HP: 84/89 MP: 10/10
  8884 | D:7      | Found a snail-covered altar of Cheibriados.
  9091 | D:8      | Reached skill level 1 in Shapeshifting
  9679 | D:8      | Noticed Grum
  9712 | D:8      | Killed Grum
 10297 | D:8      | Reached skill level 10 in Long Blades
 12081 | D:9      | Found a hide-covered altar of Uskayaw.
 12094 | D:9      | Became a worshipper of Uskayaw the Reveller
 12119 | D:9      | Reached * piety under Uskayaw
 12121 | D:9      | Reached ** piety under Uskayaw
 12123 | D:9      | Reached XP level 11. HP: 96/96 MP: 11/11
 12406 | D:9      | Reached skill level 5 in Shapeshifting
 12410 | D:9      | Reached *** piety under Uskayaw
 12415 | D:9      | Reached **** piety under Uskayaw
 12423 | D:9      | Reached ***** piety under Uskayaw
 12675 | D:10     | Entered Level 10 of the Dungeon
 13056 | D:10     | Found a staircase to the Lair.
 13628 | D:10     | Reached ****** piety under Uskayaw
 14273 | D:11     | Noticed a cyclops
 14284 | D:11     | Killed a cyclops
 14703 | D:11     | Noticed a manticore
 14714 | D:11     | Killed a manticore
 14962 | D:11     | Found a staircase to the Orcish Mines.
 15027 | D:11     | Reached XP level 12. HP: 105/105 MP: 12/12
 15204 | D:11     | Noticed a two-headed ogre
 15462 | D:11     | Killed a two-headed ogre
 15587 | D:12     | Noticed a death knight
 15628 | D:12     | Killed a death knight
 15628 | D:12     | Noticed a two-headed ogre
 15780 | D:11     | Killed a two-headed ogre
 16254 | D:12     | Noticed a two-headed ogre
 16267 | D:12     | Killed a two-headed ogre
 16534 | D:12     | Noticed a centaur warrior
 16788 | D:12     | Killed a centaur warrior
 17006 | D:13     | Found Kothranil's Magic Scroll Emporium.
 17037 | D:13     | Bought a scroll of fear for 64 gold pieces
 17037 | D:13     | Bought a scroll of identify for 32 gold pieces
 17037 | D:13     | Bought a scroll of identify for 32 gold pieces
 17037 | D:13     | Bought a scroll of immolation for 64 gold pieces
 17037 | D:13     | Bought a scroll of teleportation for 48 gold pieces
 17322 | D:13     | Noticed Sonja
 17323 | D:13     | Sonja changed into Sonja the hog
 17323 | D:13     | Noticed Sonja
 17334 | D:13     | Killed Sonja the hog
 17670 | D:13     | Noticed a tengu warrior
 17680 | D:13     | Killed a tengu warrior
 17681 | D:13     | Gained mutation: You can hop long distances. [Barachi
                  | growth]
 17681 | D:13     | Reached XP level 13. HP: 113/113 MP: 13/13
 18040 | D:13     | Reached skill level 10 in Shapeshifting
 18948 | D:13     | Reached skill level 15 in Long Blades
 18948 | D:13     | Reached skill level 10 in Dodging
 19140 | D:14     | You fall into a shaft and drop 1 floor!
 19140 | D:15     | Entered Level 15 of the Dungeon
 19324 | D:14     | Found Yjaklak's Distillery.
 19333 | D:14     | Bought a potion of heal wounds for 75 gold pieces
 19333 | D:14     | Bought a potion of curing for 45 gold pieces
 19333 | D:14     | Bought a potion of curing for 45 gold pieces
 19333 | D:14     | Bought a potion of curing for 45 gold pieces
 19659 | D:14     | Found a gate to the Vaults.
 20932 | D:15     | Noticed Kirke
 21501 | D:15     | Found a staircase to the Depths.
 21501 | D:15     | Noticed a stone giant
 21545 | D:15     | Killed a stone giant
 21552 | D:15     | Reached XP level 14. HP: 121/121 MP: 14/14
 21554 | D:15     | Reached skill level 15 in Fighting
 23011 | D:15     | Found a staircase to the Depths.
 23783 | Lair:1   | Entered Level 1 of the Lair of Beasts
 23950 | Lair:1   | Found a dark tunnel.
 23995 | Volcano  | Entered a volcano
 24618 | Lair:1   | Noticed Gastronok
 24636 | Lair:1   | Killed Gastronok
 26636 | Lair:2   | Learned a level 3 spell: Frozen Ramparts
 26675 | Lair:2   | Found a hole to the Spider Nest.
 26791 | Lair:2   | Reached XP level 15. HP: 123/129 MP: 15/15
 27121 | Lair:2   | Found a staircase to the Swamp.
 28346 | Lair:4   | You fall into a shaft and drop 1 floor!
 28346 | Lair:5   | Entered Level 5 of the Lair of Beasts
 28428 | Lair:4   | Reached skill level 15 in Shapeshifting
 28631 | Lair:4   | Found a runed translucent door.
 28631 | Lair:4   | Found a viscous altar of Jiyva.
 28631 | Lair:4   | Noticed an acid blob
 28632 | Lair:4   | Found a staircase to the Slime Pits.
 28632 | Lair:4   | Noticed an acid blob
 28949 | Lair:4   | Found a runed translucent door.
 28950 | Lair:4   | Noticed poml's ghost (journeyman NaSu)
 29440 | Lair:5   | Reached skill level 1 in Spellcasting
 29440 | Lair:5   | Reached skill level 1 in Ice Magic
 29446 | Lair:5   | Reached skill level 1 in Invocations
 29710 | Lair:5   | Identified the +3 short sword of a Thousand Stories {drain,
                  | Str+7}
 30088 | Lair:5   | Identified the +2 cloak "Tyec Pix" {rElec Regen+ Str+2
                  | Int-4}
 30524 | Lair:5   | Reached XP level 16. HP: 135/136 MP: 20/20
 30763 | Orc:1    | Entered Level 1 of the Orcish Mines
 30763 | Orc:1    | Found Gyusm's Magic Scroll Shoppe.
 30782 | Orc:1    | Bought a scroll of identify for 28 gold pieces
 30782 | Orc:1    | Bought a scroll of teleportation for 42 gold pieces
 30785 | Orc:1    | Bought a scroll of enchant weapon for 105 gold pieces
 30785 | Orc:1    | Bought a scroll of silence for 133 gold pieces
 31017 | Orc:2    | Entered Level 2 of the Orcish Mines
 31032 | Orc:2    | Found a staircase to the Elven Halls.
 31091 | Orc:1    | Found Wuagoir's Jewellery Boutique.
 31120 | Orc:1    | Bought the ring "Xank" {Fly rF+ rC+ rN+} for 634 gold
                  | pieces
 31316 | Orc:1    | Found Sevvy's Distillery.
 31325 | Orc:1    | Bought a potion of magic for 144 gold pieces
 31325 | Orc:1    | Bought a potion of brilliance for 72 gold pieces
 31325 | Orc:1    | Bought a potion of ambrosia for 144 gold pieces
 31325 | Orc:1    | Bought a potion of heal wounds for 90 gold pieces
 31348 | Orc:1    | You are sucked into a shaft and drop 1 floor!
 31348 | Orc:2    | Found a roughly hewn altar of Beogh.
 31450 | Orc:2    | Found Dojah's Jewellery Shoppe.
 31451 | Orc:2    | Found Tagoesaj's Antique Weapon Emporium.
 31467 | Orc:2    | Reached skill level 5 in Ice Magic
 31504 | Orc:2    | Reached skill level 5 in Spellcasting
 31506 | Orc:2    | Found Xacenk's Armour Shop.
 31515 | Orc:2    | Found Zudathroe's Antique Weapon Emporium.
 31995 | D:14     | Found a gate to the Vaults.
 32198 | D:14     | Killed Kirke
 32396 | D:14     | Found Yjaklak's Distillery.
 32813 | Lair:4   | Killed poml's ghost
 32917 | Lair:4   | Killed an acid blob
 32924 | Lair:4   | Killed an acid blob
 32973 | Lair:4   | Learned a level 5 spell: Irradiate
 33047 | Swamp:1  | Entered Level 1 of the Swamp
 33064 | Swamp:1  | Found a glacial archway.
 33070 | IceCv    | Entered an ice cave
 33089 | IceCv    | Reached skill level 5 in Invocations
 33298 | IceCv    | Reached skill level 1 in Alchemy
 33303 | IceCv    | Reached skill level 1 in Conjurations
 33659 | Swamp:1  | Identified the +4 quarterstaff of the Several Scars
                  | {freeze, +Blink rPois Will+}
 34022 | Swamp:1  | Noticed a fenstrider witch
 34033 | Swamp:1  | Killed a fenstrider witch
 34268 | Swamp:2  | Reached XP level 17. HP: 142/142 MP: 26/26
 34418 | Swamp:2  | Identified the serpent talisman of Pacsysac {Str+5}
 34418 | Swamp:2  | Noticed Aizul
 34435 | Swamp:2  | Killed Aizul
 35133 | Swamp:3  | Found a shadowy altar of Dithmenos.
 35379 | Swamp:4  | Entered Level 4 of the Swamp
 35440 | Swamp:3  | Learned a level 3 spell: Mephitic Cloud
 35446 | Swamp:3  | Learned a level 5 spell: Freezing Cloud
 35617 | Swamp:4  | Reached skill level 1 in Air Magic
 36089 | Swamp:4  | Noticed the 27-headed Lernaean hydra
 36249 | Swamp:4  | Reached skill level 10 in Ice Magic
 36276 | Swamp:4  | Killed the 24-headed Lernaean hydra
 36302 | Swamp:4  | Reached XP level 18. HP: 138/149 MP: 21/30
 36437 | Swamp:4  | Got a decaying rune of Zot
 36458 | Swamp:4  | Identified a scroll of acquirement
 36579 | Lair:2   | Acquired the +2 pair of boots "Ihaohu" {rCorr Str+4}
 36603 | Spider:1 | Entered Level 1 of the Spider Nest
 36718 | Spider:1 | Reached skill level 5 in Conjurations
 36885 | Spider:1 | Reached skill level 5 in Alchemy
 38524 | Spider:3 | Noticed Donald
 38536 | Spider:3 | Killed Donald
 38550 | Spider:3 | Reached skill level 10 in Spellcasting
 38718 | Spider:3 | Reached skill level 5 in Air Magic
 39021 | Spider:3 | Noticed Asterion
 39113 | Spider:3 | Killed Asterion
 39114 | Spider:3 | Reached XP level 19. HP: 130/155 MP: 19/33
 39181 | Spider:3 | Noticed Roxanne
 39189 | Spider:3 | Learned a level 5 spell: Silence
 39220 | Spider:3 | Killed Roxanne
 39221 | Spider:3 | Reached skill level 1 in Hexes
 39800 | Spider:4 | Entered Level 4 of the Spider Nest
 39844 | Spider:4 | Noticed Louise
 39857 | Spider:4 | Killed Louise
 40082 | Spider:4 | Reached skill level 5 in Hexes
 40505 | Spider:4 | Got a gossamer rune of Zot
 40963 | Spider:4 | Learned a level 2 spell: Blink
 41246 | D:14     | Bought a potion of berserk rage for 75 gold pieces
 41375 | Elf:1    | Entered Level 1 of the Elven Halls
 41419 | Elf:1    | Found a runed translucent door.
 41421 | Elf:1    | Noticed fbwer's ghost (adept TeAE)
 41663 | Elf:1    | Reached skill level 1 in Translocations
 41923 | Elf:1    | Found a stormy altar of Qazlal.
 41927 | Elf:1    | Paralysed by an air elemental for 1 turns
 42006 | Elf:1    | Killed fbwer's ghost
 42522 | Elf:2    | Found a runed translucent door.
 42550 | Elf:2    | Found a runed translucent door.
 42838 | Elf:2    | Reached XP level 20. HP: 162/162 MP: 35/35
 43551 | Elf:3    | Entered Level 3 of the Elven Halls
 44012 | Elf:3    | Noticed Saint Roka
 44034 | Elf:3    | Killed Saint Roka
 44183 | Elf:3    | Reached skill level 10 in Hexes
 44391 | Elf:3    | Identified the +1 mace of the Ass {freeze, rN+ Will+ MP+9}
 44492 | Elf:3    | Identified the amulet "Jeptat" {Acrobat rC+}
 44553 | Elf:3    | Identified the +9 glaive "Wemuicw" {elec, rPois}
 44572 | Elf:3    | Identified the +9 short sword "Eskaajue" {freeze, rN++
                  | Int+5 Stlth-}
 44581 | Elf:3    | Identified the +3 scale mail "Qiydoi" {Int+3}
 44708 | Elf:3    | Identified the staff "Tepnol" {rElec rC- rCorr Int+2 Summ
                  | Air}
 44742 | Elf:3    | Identified the +5 war axe of Mownalidd {flame, +Blink Str-2
                  | Int+6}
 44941 | Elf:3    | Got the Parchment of Violence
 45082 | Elf:3    | Noticed Mara
 45096 | Elf:3    | Identified the +2 robe of Fyanaol {+Blink Slay-6 Stlth+
                  | Archmagi}
 45100 | Elf:3    | Got the Quarto of the Impact
 45230 | Elf:3    | Noticed december12's illusion
 45237 | Elf:3    | Killed Mara
 45265 | Elf:3    | Learned a level 6 spell: Sculpt Simulacrum
 45269 | Elf:3    | Learned a level 3 spell: Ozocubu's Armour
 45278 | Elf:3    | Learned a level 7 spell: Ozocubu's Refrigeration
 45482 | Vaults:1 | Entered Level 1 of the Vaults
 45732 | Vaults:1 | Noticed Norris
 45743 | Vaults:1 | Killed Norris
 45747 | Vaults:1 | Reached skill level 15 in Dodging
 45747 | Vaults:1 | Reached XP level 21. HP: 105/168 MP: 4/37
 46797 | Vaults:2 | Noticed Zenata
 46808 | Vaults:2 | Killed Zenata
 47258 | Vaults:2 | Reached skill level 15 in Ice Magic
 47528 | Vaults:2 | Found a staircase to the Crypt.
 48848 | Vaults:4 | Reached XP level 22. HP: 175/175 MP: 25/40
 48916 | Vaults:4 | Noticed Margery
 48924 | Vaults:4 | Killed Margery
 49327 | Vaults:4 | Reached skill level 15 in Spellcasting
 50341 | Vaults:4 | Upgraded the game from 0.32-a0-656-g3542139 to
                  | 0.32-a0-665-g3d30ec2
 50442 | Crypt:1  | Entered Level 1 of the Crypt
 50635 | Crypt:1  | Paralysed by something for 5 turns
 50796 | Crypt:1  | Identified the +5 rapier of the Sneaky Eyes {vamp, Will+
                  | Stlth+}
 50932 | Crypt:1  | Found a runed translucent door.
 50938 | Crypt:1  | Noticed Jetyrhek's ghost (veteran GrEE)
 50976 | Crypt:1  | Killed Jetyrhek's ghost
 50977 | Crypt:1  | Reached XP level 23. HP: 64/181 MP: 22/43
 51728 | Crypt:2  | Noticed Khufu
 51766 | Crypt:2  | Noticed a royal mummy
 51771 | Crypt:3  | Entered Level 3 of the Crypt
 51852 | Crypt:3  | Killed a royal mummy
 51968 | Crypt:3  | Killed Khufu
 52142 | Crypt:1  | Found a basalt altar of Yredelemnul.
 52467 | Crypt:3  | Learned a level 7 spell: Enfeeble
 52865 | Crypt:3  | Found a basalt altar of Yredelemnul.
 53432 | Crypt:3  | Got the Incunable of Last Rites
 53433 | Crypt:3  | Identified the staff "Ohyneggi" {Fly Will+ Conj}
 53830 | Crypt:3  | Found the necklace of Bloodlust {Fury *Rage Will++ Int-3
                  | Slay+6}
 53853 | Crypt:3  | Got Sif Muna's Spellbook of Subspace
 53890 | Crypt:3  | Found a staircase to the Tomb.
 54004 | Crypt:3  | Learned a level 9 spell: Polar Vortex
 54009 | Crypt:3  | Learned a level 4 spell: Passage of Golubria
 54273 | Depths:1 | Entered Level 1 of the Depths
 54273 | Depths:1 | Found a white marble altar of Elyvilon.
 54558 | Depths:1 | Found a one-way gate leading to the halls of Pandemonium.
 54930 | Depths:1 | Found a gateway to Hell.
 55346 | Depths:2 | Reached XP level 24. HP: 188/188 MP: 38/45
 55642 | Depths:2 | Found a transporter.
 55643 | Depths:2 | Noticed a caustic shrike
 55655 | Depths:2 | Found a transporter.
 55655 | Depths:2 | Found the +7 great mace "Undeadhunter" {deathbane, rN+}
 55822 | Depths:2 | Identified the +6 arbalest of the Candelabrum {elec, rF+
                  | rC+ Int-2 Stlth+}
 56230 | Depths:2 | Found Aberph's Jewellery Shoppe.
 56230 | Depths:2 | Found Ynkibrat's Book Shop.
 56231 | Depths:2 | Found Kaixabol's Book Shop.
 56237 | Depths:2 | Bought the Codex of Non-Euclidean Aeromancy for 390 gold
                  | pieces
 56240 | Depths:2 | Learned a level 2 spell: Lesser Beckoning
 56244 | Depths:2 | Bought a book of Misfortune for 578 gold pieces
 56251 | Depths:2 | Learned a level 5 spell: Yara's Violent Unravelling
 56432 | Depths:3 | Found an opulent altar of Gozag.
 56530 | Depths:3 | Found a broken altar of Ashenzari.
 56609 | Depths:3 | Found a one-way gateway to a ziggurat.
 56729 | Depths:3 | Found the +8 whip "Snakebite" {venom, curare, rPois}
 57091 | Depths:3 | Found a corrupted altar of Lugonu.
 57091 | Depths:3 | Found a one-way gate to the infinite horrors of the Abyss.
 57435 | Depths:4 | Entered Level 4 of the Depths
 57461 | Depths:4 | Noticed Tanach's ghost (veteran CoGl)
 57551 | Depths:4 | Found a runed translucent gate.
 57551 | Depths:4 | Found a runed translucent gate.
 57551 | Depths:4 | Found a runed translucent gate.
 57912 | Depths:4 | Found a gate to the Realm of Zot.
 58757 | Depths:4 | Killed Tanach's ghost
 58758 | Depths:4 | Reached XP level 25. HP: 145/194 MP: 8/47
 58872 | Depths:4 | Identified the +2 helmet of Patience {-Cast Rampage rPois
                  | Slay+3}
 58876 | Depths:4 | Identified the +1 ring mail of Cuiced {rPois rC+ Str+3
                  | Stlth+}
 59133 | Vaults:5 | Entered Level 5 of the Vaults
 60331 | Vaults:5 | Noticed Jory
 60342 | Vaults:5 | Killed Jory
 60394 | Vaults:5 | Identified the +3 buckler of Dishonour {rN++ MP+9 Stlth+}
 60412 | Vaults:5 | Got the Precepts of Violent Cold
 60562 | Vaults:5 | Got Zadwao's Handbook of Incandescent Gusts
 60939 | Vaults:5 | Noticed a dread lich
 60952 | Vaults:5 | Killed a dread lich
 61000 | Vaults:5 | Got a silver rune of Zot
 61226 | Vaults:5 | Found the +3 Mad Mage's Maulers {Infuse+∞ VampMP -Cast}
 61279 | Vaults:5 | Learned a level 1 spell: Apportation
 61290 | Vaults:5 | Learned a level 8 spell: Discord
 61296 | Vaults:5 | Learned a level 5 spell: Lee's Rapid Deconstruction
 61585 | Zot:1    | Entered Level 1 of the Realm of Zot
 61585 | Zot:1    | Identified the ring "Ewnai" {Ice rElec}
 61585 | Zot:1    | Noticed Josephina
 61629 | Depths:4 | Killed Josephina
 61693 | Zot:1    | Reached skill level 1 in Earth Magic
 61787 | Zot:1    | Reached XP level 26. HP: 201/201 MP: 30/48
 62243 | Zot:1    | Found the +4 dragonskin cloak
 62243 | Zot:1    | Noticed Tiamat
 62355 | Zot:1    | Killed Tiamat
 62538 | Zot:1    | Noticed an orb of fire
 62538 | Zot:1    | Gained mutation: You occasionally lose the ability to read
                  | scrolls when taking damage. [an orb of fire]
 62548 | Zot:1    | Gained mutation: You are weak. (Str -2) [an orb of fire]
 62548 | Zot:1    | Gained mutation: Your health recovers twice as slowly from
                  | being drained. [an orb of fire]
 62550 | Zot:1    | Killed an orb of fire
 62644 | Zot:1    | Lost mutation: You are weak. (Str -2) [potion of mutation]
 62644 | Zot:1    | Lost mutation: Your health recovers twice as slowly from
                  | being drained. [potion of mutation]
 62644 | Zot:1    | Gained mutation: You have hidden genetic defects. [potion
                  | of mutation]
 62644 | Zot:1    | Gained mutation: You have very sharp teeth. [potion of
                  | mutation]
 62644 | Zot:1    | Gained mutation: You sometimes lose your temper in combat.
                  | [potion of mutation]
 62644 | Zot:1    | Gained mutation: You are partially covered in iridescent
                  | scales. (AC +2) [potion of mutation]
 62645 | Zot:1    | Lost mutation: You have hidden genetic defects. [potion of
                  | mutation]
 62645 | Zot:1    | Lost mutation: You sometimes lose your temper in combat.
                  | [potion of mutation]
 62645 | Zot:1    | Lost mutation: You are partially covered in iridescent
                  | scales. (AC +2) [potion of mutation]
 62645 | Zot:1    | Gained mutation: You are partially covered in iridescent
                  | scales. (AC +2) [potion of mutation]
 62645 | Zot:1    | Gained mutation: You sometimes lose the ability to read
                  | scrolls when taking damage. [potion of mutation]
 62645 | Zot:1    | Gained mutation: You are agile. (Dex +4, Str/Int -1)
                  | [potion of mutation]
 62646 | Zot:1    | Lost mutation: You sometimes lose the ability to read
                  | scrolls when taking damage. [potion of mutation]
 62646 | Zot:1    | Lost mutation: You are partially covered in iridescent
                  | scales. (AC +2) [potion of mutation]
 62646 | Zot:1    | Gained mutation: Armour fits poorly on your strangely
                  | shaped body. [potion of mutation]
 62646 | Zot:1    | Lost mutation: Armour fits poorly on your strangely shaped
                  | body. [potion of mutation]
 62646 | Zot:1    | Lost mutation: You are agile. (Dex +4, Str/Int -1) [potion
                  | of mutation]
 62647 | Zot:1    | Lost mutation: You occasionally lose the ability to read
                  | scrolls when taking damage. [potion of mutation]
 62647 | Zot:1    | Lost mutation: You have very sharp teeth. [potion of
                  | mutation]
 62647 | Zot:1    | Gained mutation: You have hidden genetic defects. [potion
                  | of mutation]
 62648 | Zot:1    | Lost mutation: You have hidden genetic defects. [potion of
                  | mutation]
 62648 | Zot:1    | Gained mutation: Armour fits poorly on your strangely
                  | shaped body. [potion of mutation]
 62648 | Zot:1    | Gained mutation: Your flesh is cold resistant. (rC+)
                  | [potion of mutation]
 62648 | Zot:1    | Gained mutation: Your health recovers twice as slowly from
                  | being drained. [potion of mutation]
 62648 | Zot:1    | Gained mutation: You expend magic power (3 MP) to
                  | strengthen your wands. [potion of mutation]
 63341 | Zig:1    | Entered Level 1 of a ziggurat
 63363 | Zig:2    | Entered Level 2 of a ziggurat
 63386 | Zig:3    | Entered Level 3 of a ziggurat
 63391 | Zig:3    | Paralysed by a wendigo for 1 turns
 63392 | Zig:3    | Noticed a shard shrike
 63392 | Zig:3    | Noticed a shard shrike
 63392 | Zig:3    | Noticed a shard shrike
 63399 | Zig:3    | Reached skill level 5 in Earth Magic
 63496 | Zig:3    | Identified the +1 scale mail of Miracles {rElec Str-3
                  | Dex+2}
 63500 | Zig:3    | Reached XP level 27. HP: 207/207 MP: 48/48
 63502 | Zig:4    | Entered Level 4 of a ziggurat
 63527 | Zig:5    | Entered Level 5 of a ziggurat
 63578 | Zig:6    | Entered Level 6 of a ziggurat
 63623 | Zig:7    | Entered Level 7 of a ziggurat
 63626 | Zig:7    | Noticed Apleklui the pandemonium lord
 63626 | Zig:7    | Noticed Hal Wya the pandemonium lord
 63626 | Zig:7    | Noticed Fatuoguq the pandemonium lord
 63627 | Zig:7    | Found the +9 sword of Power {lifebolt}
 63640 | Zig:7    | Killed Hal Wya the pandemonium lord
 63642 | Zig:7    | Killed Apleklui the pandemonium lord
 63642 | Zig:7    | Killed Fatuoguq the pandemonium lord
 63767 | Zig:8    | Entered Level 8 of a ziggurat
 63775 | Zig:8    | Found the +5 demon whip "Spellbinder" {antimagic, disrupt,
                  | Will+}
 63799 | Zig:8    | Identified the +7 morningstar of Internal Strife {pain,
                  | Dex+3}
 63801 | Zig:8    | Identified the ring "Camaduoh" {*Corrode EV+5 Int+5}
 63846 | Zig:9    | Entered Level 9 of a ziggurat
 63854 | Zig:9    | Found the amulet of Vitality {Regen++ RegenMP++}
 63859 | Zig:9    | Reached skill level 15 in Hexes
 63870 | Zig:9    | Identified the staff "Kideigro" {rN+ Dex+2 Stlth+ Necro
                  | Tloc}
 63897 | Zig:10   | Entered Level 10 of a ziggurat
 64020 | Zig:10   | Identified the +7 quarterstaff of Ehelyget {freeze, rPois
                  | rCorr Int+4 SInv}
 64058 | Zig:11   | Entered Level 11 of a ziggurat
 64079 | Zig:11   | Identified the +1 cloak of Iduiraro {Dex+3}
 64127 | Zig:12   | Entered Level 12 of a ziggurat
 64145 | Zig:12   | Found the +8 arc blade {discharge, rElec}
 64145 | Zig:12   | Found the +7 hand cannon "Mule" {flame, backblast, rF+}
 64174 | Zig:12   | Identified the ring of the Jester {rN+ rCorr MP+9}
 64220 | Zig:13   | Entered Level 13 of a ziggurat
 64234 | Zig:13   | Noticed Fuz Dap the pandemonium lord
 64237 | Zig:13   | Killed Fuz Dap the pandemonium lord
 64356 | Zig:13   | Got the Quarto of Air and Iniquitous Mysteries
 64368 | Zig:13   | Identified the +1 scale mail of Nonohuol {+Blink Int-2
                  | Dex+5}
 64415 | Zig:14   | Entered Level 14 of a ziggurat
 64430 | Zig:14   | Found the +10 morningstar "Eos" {elec, Halo rElec}
 64497 | Zig:14   | Identified the +0 rapier "Kidaemm" {distort, Str+3}
 64591 | Zig:15   | Entered Level 15 of a ziggurat
 64605 | Zig:15   | Noticed an orb of fire
 64613 | Zig:15   | Gained mutation: Your spells are a little easier to cast,
                  | but a little less powerful. [an orb of fire]
 64614 | Zig:15   | Killed an orb of fire
 64615 | Zig:15   | Noticed an orb of fire
 64616 | Zig:15   | Noticed an orb of fire
 64617 | Zig:15   | Gained mutation: You do not regenerate when monsters are
                  | visible. [an orb of fire]
 64617 | Zig:15   | Gained mutation: You are dopey. (Int -2) [an orb of fire]
 64619 | Zig:15   | Gained mutation: You are very dopey. (Int -4) [an orb of
                  | fire]
 64623 | Zig:15   | Gained mutation: You are frail. (-10% HP) [an orb of fire]
 64624 | Zig:15   | Killed an orb of fire
 64626 | Zig:15   | Gained mutation: You are clumsy. (Dex -2) [an orb of fire]
 64628 | Zig:15   | Killed an orb of fire
 64727 | Zig:15   | Lost mutation: Armour fits poorly on your strangely shaped
                  | body. [potion of mutation]
 64727 | Zig:15   | Lost mutation: You are frail. (-10% HP) [potion of
                  | mutation]
 64727 | Zig:15   | Gained mutation: You are weak. (Str -2) [potion of
                  | mutation]
 64727 | Zig:15   | Gained mutation: You are robust. (+10% HP) [potion of
                  | mutation]
 64727 | Zig:15   | Gained mutation: You are very clumsy. (Dex -4) [potion of
                  | mutation]
 64728 | Zig:15   | Lost mutation: You are very dopey. (Int -4) [potion of
                  | mutation]
 64728 | Zig:15   | Lost mutation: Your health recovers twice as slowly from
                  | being drained. [potion of mutation]
 64728 | Zig:15   | Lost mutation: Your spells are a little easier to cast, but
                  | a little less powerful. [potion of mutation]
 64728 | Zig:15   | Gained mutation: You are partially covered in iridescent
                  | scales. (AC +2) [potion of mutation]
 64729 | Zig:15   | Lost mutation: You are dopey. (Int -2) [potion of mutation]
 64729 | Zig:15   | Lost mutation: You do not regenerate when monsters are
                  | visible. [potion of mutation]
 64729 | Zig:15   | Lost mutation: Your flesh is cold resistant. (rC+) [potion
                  | of mutation]
 64729 | Zig:15   | Gained mutation: You have hidden genetic defects. [potion
                  | of mutation]
 64729 | Zig:15   | Gained mutation: You have supernaturally acute eyesight.
                  | (SInv) [potion of mutation]
 64729 | Zig:15   | Gained mutation: Your mind is acute. (Int +4, Str/Dex -1)
                  | [potion of mutation]
 64730 | Zig:15   | Lost mutation: You are weak. (Str -2) [potion of mutation]
 64730 | Zig:15   | Lost mutation: You are partially covered in iridescent
                  | scales. (AC +2) [potion of mutation]
 64730 | Zig:15   | Lost mutation: You are robust. (+10% HP) [potion of
                  | mutation]
 64730 | Zig:15   | Gained mutation: You have large cloven feet. [potion of
                  | mutation]
 64731 | Zig:15   | Lost mutation: Your mind is acute. (Int +4, Str/Dex -1)
                  | [potion of mutation]
 64731 | Zig:15   | Lost mutation: You have hidden genetic defects. [potion of
                  | mutation]
 64731 | Zig:15   | Lost mutation: You expend magic power (3 MP) to strengthen
                  | your wands. [potion of mutation]
 64731 | Zig:15   | Gained mutation: You occasionally lose the ability to drink
                  | potions when taking damage. [potion of mutation]
 64732 | Zig:15   | Lost mutation: You have supernaturally acute eyesight.
                  | (SInv) [potion of mutation]
 64732 | Zig:15   | Lost mutation: You occasionally lose the ability to drink
                  | potions when taking damage. [potion of mutation]
 64732 | Zig:15   | Lost mutation: You have large cloven feet. [potion of
                  | mutation]
 64732 | Zig:15   | Gained mutation: You are weak. (Str -2) [potion of
                  | mutation]
 64733 | Zig:15   | Lost mutation: You are weak. (Str -2) [potion of mutation]
 64733 | Zig:15   | Lost mutation: You are very clumsy. (Dex -4) [potion of
                  | mutation]
 64733 | Zig:15   | Lost mutation: You are clumsy. (Dex -2) [potion of
                  | mutation]
 64733 | Zig:15   | Gained mutation: You passively dampen the noise of your
                  | surroundings. [potion of mutation]
 64733 | Zig:15   | Gained mutation: You have hidden genetic potential. [potion
                  | of mutation]
 64733 | Zig:15   | Gained mutation: You are covered in fur. (AC +1) [potion of
                  | mutation]
 64895 | Zig:15   | Identified the staff "Zualyhun" {rElec Stlth+ Ice Air
                  | Earth}
 64897 | Zig:15   | Identified the +7 shortbow of Honour {drain, ^Drain rElec
                  | rF+ Dex+2}
 64911 | Zig:15   | Got the Incunable of Corresponding Bruises
 64913 | Zig:15   | Identified the ring "Nifeqima" {Wiz *Slow rElec Dex+5}
 64931 | Zig:16   | Entered Level 16 of a ziggurat
 65105 | Zig:16   | Identified the amulet of Esofak {rC++ RegenMP+}
 65106 | Zig:16   | Acquired 1041 gold pieces
 65113 | Zig:16   | Identified the amulet of Esmezapn {Regen+ rCorr SInv}
 65117 | Zig:16   | Got the Volume of the Gaseous Entourage
 65168 | Zig:17   | Entered Level 17 of a ziggurat
 65187 | Zig:17   | Reached skill level 10 in Invocations
 65208 | Zig:17   | Found the +7 Spriggan's Knife {stab, EV+4 Stlth+}
 65242 | Zig:17   | Identified the +3 scimitar "Neeghim" {drain, Will++ SInv}
 65253 | Zig:17   | Identified the +0 sling of Royalism {drain, rPois rN+ rCorr
                  | Int-5}
 65254 | Zig:17   | Identified the +9 dagger "Backscratcher" {freeze, rPois rC-
                  | rN+ Dex+7}
 65259 | Zig:17   | Identified the +1 helmet of Dead {rF+ Int+2 Stlth+}
 65262 | Zig:17   | Identified the staff "Xehileutza" {rElec rPois Int-3 SInv
                  | Fire Air Earth}
 65266 | Zig:17   | Identified the amulet of Ecupp {Reflect ^Contam rN+ Dex+4
                  | SH+5}
 65342 | Zig:18   | Entered Level 18 of a ziggurat
 65665 | Zig:18   | Identified the +3 morningstar of Entrepreneurial Spirit
                  | {antimagic, rN+ Will+}
 65751 | Zig:19   | Entered Level 19 of a ziggurat
 65777 | Zig:19   | Noticed a royal mummy
 65797 | Zig:19   | Killed a royal mummy
 65901 | Zig:19   | Found the +11 plutonium sword {^Contam Stlth-}
 65910 | Zig:19   | Identified the staff of Flawed Execution {rPois rF+ rC+
                  | Ice}
 65913 | Zig:19   | Identified the ring "Umakas" {rN+ rCorr}
 65986 | Zig:20   | Entered Level 20 of a ziggurat
 66009 | Zig:20   | Found the +7 captain's cutlass {speed, disarm}
 66015 | Zig:20   | Reached skill level 10 in Air Magic
 66031 | Zig:20   | Gained mutation: You are strong-willed. (Will+) [hidden
                  | potential]
 66032 | Zig:20   | Got the Grimoire of the Sarcophagus and Convocation
 66041 | Zig:20   | Got the Notes on Ensorcelling
 66046 | Zig:20   | Identified the +4 plate armour "Rokhle Onikk" {+Blink rPois
                  | Str+4}
 66049 | Zig:20   | Got the Elucidation of Ill-starred Oxidation
 66050 | Zig:20   | Identified the +0 leather armour of Qaicu {rC+ rCorr
                  | Stlth+}
 66060 | Zig:20   | Identified the ring "Waxtotaro" {rN+ Int+3}
 66139 | Zig:21   | Entered Level 21 of a ziggurat
 66311 | Zig:21   | Identified the ring of Trepidation {rPois rC+ Int+2 Slay+3
                  | Stlth+}
 66313 | Zig:21   | Identified the amulet "Vomageb" {Faith ^Fragile Dex+4}
 66315 | Zig:21   | Identified the +0 quarterstaff of Irghont {flame, rPois}
 66319 | Zig:21   | Identified the +9 long sword "Yfirosui" {flame, rF+ Int+3}
 66321 | Zig:21   | Identified the +0 leather armour "Meomire" {rC+ Int+3}
 66323 | Zig:21   | Identified the +2 leather armour of the Merwolf {rN++
                  | Int+2}
 66324 | Zig:21   | Identified the +5 halberd of Razah {elec, Int+3 SInv}
 66390 | Zig:21   | Learned a level 8 spell: Maxwell's Capacitive Coupling
 66410 | Zig:22   | Entered Level 22 of a ziggurat
 66422 | Zig:22   | Noticed Kejuty the pandemonium lord
 66426 | Zig:22   | Noticed Jydd the pandemonium lord
 66426 | Zig:22   | Noticed Ytoc Jay the pandemonium lord
 66428 | Zig:22   | Noticed Biufuy the pandemonium lord
 66428 | Zig:22   | Noticed Orumm the pandemonium lord
 66436 | Zig:22   | Noticed Qoeboafuh the pandemonium lord
 66436 | Zig:22   | Noticed Kydonom the pandemonium lord
 66438 | Zig:22   | Killed Jydd the pandemonium lord
 66438 | Zig:22   | Killed Kejuty the pandemonium lord
 66438 | Zig:22   | Noticed Yneveiwy the pandemonium lord
 66447 | Zig:22   | Killed Qoeboafuh the pandemonium lord
 66448 | Zig:22   | Killed Biufuy the pandemonium lord
 66449 | Zig:22   | Killed Orumm the pandemonium lord
 66454 | Zig:22   | Killed Kydonom the pandemonium lord
 66456 | Zig:22   | Killed Yneveiwy the pandemonium lord
 66478 | Zig:22   | Killed Ytoc Jay the pandemonium lord
 66639 | Zig:22   | Identified the +3 long sword "No More Talking" {speed,
                  | Will+}
 66644 | Zig:22   | Identified the +0 robe of Dishonour {Str+4 Int+5 Dex-2
                  | Archmagi}
 66754 | Zig:23   | Entered Level 23 of a ziggurat
 66771 | Zig:23   | Noticed a dread lich
 66772 | Zig:23   | Noticed an ancient lich
 66776 | Zig:23   | Noticed a dread lich
 66778 | Zig:23   | Killed a dread lich
 66781 | Zig:23   | Killed a dread lich
 66782 | Zig:23   | Killed an ancient lich
 66836 | Zig:23   | Noticed a dread lich
 66844 | Zig:23   | Killed a dread lich
 66951 | Zig:23   | Found the +8 trident of the Octopus King {venom, rElec
                  | rPois}
 66959 | Zig:23   | Identified the ring "Xoreat" {rC+ Will+ Int+4 Dex-2 SInv}
 66993 | Zig:23   | Identified the +10 falchion of Melee {flame, Str+5 Int-5}
 67004 | Zig:23   | Identified the +3 glaive "Musinefi" {flame, rElec rF- rCorr
                  | Int+6}
 67049 | Zig:23   | Acquired the Unrestrained Analects
 67051 | Zig:23   | Acquired a book of Spontaneous Combustion
 67053 | Zig:23   | Acquired a book of Flames
 67089 | Zig:24   | Entered Level 24 of a ziggurat
 67117 | Zig:24   | Gained mutation: You expend magic power (3 MP) to
                  | strengthen your wands. [hidden potential]
 67117 | Zig:24   | Lost mutation: You have hidden genetic potential. [hidden
                  | potential expressed]
 67118 | Zig:24   | Reached skill level 15 in Air Magic
 67145 | Zig:24   | Identified the ring "Yqoithiw" {rPois Str+4}
 67150 | Zig:24   | Identified the +0 crystal plate armour of Xibbyaqa {+Inv
                  | rPois rF+ Stlth+}
 67165 | Zig:24   | Got the Vellum of the Cold Brume
 67180 | Zig:24   | Identified the +0 plate armour of Anaesthesia {rElec
                  | Will+++ Str+3}
 67263 | Zig:25   | Entered Level 25 of a ziggurat
 67342 | Zig:25   | Found the amulet of the Air {Inacc Air Fly rElec RMsl}
 67428 | Zig:25   | Found the +8 demon trident "Rift" {distort, reach+}
 67435 | Zig:25   | Identified the staff of Law {rC+ rN+ MP+9 Necro}
 67439 | Zig:25   | Identified the +0 halberd of Deformation {venom, rPois
                  | Stlth+}
 67456 | Zig:25   | Identified the ring "Oqycwis" {*Corrode rPois rF+ Int+2}
 67492 | Zig:26   | Entered Level 26 of a ziggurat
 67566 | Zig:26   | Found the +0 pair of gloves of the gadgeteer {Gadgeteer
                  | Wandboost ^Fragile}
 67571 | Zig:26   | Found the +6 Majin-Bo {spellvamp, MP+6 Int+6}
 67584 | Zig:26   | Identified the amulet "Myntyg" {Regen+ Int+5 Dex-5}
 67589 | Zig:26   | Identified the +0 plate armour "Qupra" {rF++ rN+}
 67752 | Zig:27   | Entered Level 27 of a ziggurat
 67766 | Zig:27   | Noticed a dread lich
 67774 | Zig:27   | Noticed an ancient lich
 67774 | Zig:27   | Noticed a dread lich
 67774 | Zig:27   | Noticed a dread lich
 67774 | Zig:27   | Noticed an ancient lich
 67779 | Zig:27   | Killed an ancient lich
 67780 | Zig:27   | Killed a dread lich
 67782 | Zig:27   | Killed a dread lich
 67782 | Zig:27   | Noticed a dread lich
 67785 | Zig:27   | Killed a dread lich
 67942 | Zig:27   | Killed an ancient lich
 68050 | Zig:27   | Killed a dread lich
 68140 | Zig:27   | Found the +8 demon blade "Leech" {evervamp, Harm ^Drain
                  | rN+}
 68146 | Zig:27   | Identified the staff "Juosusk" {rElec SInv Air}
 68158 | Zig:27   | Identified the ring "Jirchod" {rPois rF+++ AC+4 Stlth-}
 68165 | Zig:27   | Identified the +2 pair of gloves "Keabesk" {rElec}
 68166 | Zig:27   | Identified the +5 hand axe "Lifebane" {freeze, rElec}
 68169 | Zig:27   | Identified the +5 scimitar of the Damp God {freeze, rC++}
 68177 | Zig:27   | Identified the staff of Classification {rElec rC+ rN+ Str-2
                  | Ice}
 68645 | Depths:4 | Learned a level 3 spell: Passwall
 68650 | Depths:4 | Learned a level 4 spell: Vhi's Electric Charge
 68656 | Depths:4 | Learned a level 5 spell: Summon Mana Viper
 69020 | Tomb:1   | Entered Level 1 of the Tomb of the Ancients
 69043 | Tomb:1   | Identified the amulet "Idaoh" {Spirit -Cast rF- rC+ Dex+4}
 69095 | Tomb:1   | Identified the staff "Conaveass" {^Drain rF+ rCorr Str+2
                  | Dex+4 Fire}
 69431 | Tomb:1   | Noticed a royal mummy
 69447 | Tomb:1   | Killed a royal mummy
 69720 | Tomb:2   | Noticed a royal mummy
 69721 | Tomb:2   | Noticed a royal mummy
 69724 | Tomb:2   | Noticed a royal mummy
 69725 | Tomb:2   | Noticed a royal mummy
 69732 | Tomb:2   | Killed a royal mummy
 69736 | Tomb:2   | Killed a royal mummy
 69750 | Tomb:2   | Killed a royal mummy
 69769 | Tomb:2   | Killed a royal mummy
 70048 | Tomb:1   | Noticed a royal mummy
 70048 | Tomb:1   | Noticed a royal mummy
 70051 | Tomb:1   | Killed a royal mummy
 70051 | Tomb:1   | Noticed a royal mummy
 70052 | Tomb:1   | Killed a royal mummy
 70055 | Tomb:1   | Killed a royal mummy
 70055 | Tomb:1   | Noticed a royal mummy
 70061 | Tomb:1   | Killed a royal mummy
 70141 | Tomb:1   | Noticed a royal mummy
 70143 | Tomb:1   | Noticed a royal mummy
 70153 | Tomb:1   | Killed a royal mummy
 70154 | Tomb:1   | Killed a royal mummy
 70190 | Tomb:1   | Noticed a royal mummy
 70190 | Tomb:1   | Noticed a royal mummy
 70201 | Tomb:1   | Killed a royal mummy
 70202 | Tomb:1   | Killed a royal mummy
 70257 | Tomb:1   | Noticed a royal mummy
 70272 | Tomb:1   | Killed a royal mummy
 70273 | Tomb:1   | Noticed a royal mummy
 70274 | Tomb:1   | Noticed a royal mummy
 70276 | Tomb:1   | Killed a royal mummy
 70281 | Tomb:1   | Killed a royal mummy
 70328 | Tomb:1   | Noticed a royal mummy
 70333 | Tomb:1   | Noticed a royal mummy
 70337 | Tomb:1   | Noticed a royal mummy
 70340 | Tomb:1   | Killed a royal mummy
 70342 | Tomb:1   | Killed a royal mummy
 70378 | Tomb:1   | Killed a royal mummy
 70392 | Tomb:1   | Noticed a royal mummy
 70404 | Tomb:1   | Killed a royal mummy
 70438 | Tomb:1   | Noticed a royal mummy
 70659 | Tomb:3   | Entered Level 3 of the Tomb of the Ancients
 70665 | Tomb:3   | Noticed a royal mummy
 70666 | Tomb:3   | Noticed a royal mummy
 70672 | Tomb:3   | Killed a royal mummy
 70673 | Tomb:3   | Killed a royal mummy
 70682 | Tomb:3   | Noticed a royal mummy
 70694 | Tomb:3   | Killed a royal mummy
 70722 | Tomb:3   | Noticed a royal mummy
 70739 | Tomb:3   | Killed a royal mummy
 70748 | Tomb:3   | Noticed a royal mummy
 70755 | Tomb:3   | Killed a royal mummy
 70766 | Tomb:3   | Noticed a royal mummy
 70766 | Tomb:3   | Noticed a royal mummy
 70771 | Tomb:3   | Killed a royal mummy
 70773 | Tomb:3   | Killed a royal mummy
 70781 | Tomb:3   | Found the +13 scythe of Curses {drain, curses, ^Drain}
 70895 | Tomb:3   | Identified the +10 quarterstaff of the Endless Expanse
                  | {speed, rPois rC- Str+2 Stlth+}
 70896 | Tomb:3   | Identified the +0 war axe of Equivalence {drain, +Blink
                  | Int-2 SInv Stlth+}
 70924 | Tomb:3   | Identified the amulet of Bijiyjof {Acrobat rF- rCorr Int+2}
 71050 | Tomb:3   | Identified the staff of the Forest {rPois rN+ Dex+5 SInv
                  | Necro}
 71212 | Tomb:3   | Noticed a royal mummy
 71213 | Tomb:3   | Noticed a royal mummy
 71218 | Tomb:3   | Killed a royal mummy
 71221 | Tomb:3   | Killed a royal mummy
 71250 | Tomb:3   | Got a golden rune of Zot
 71830 | Slime:1  | Entered Level 1 of the Pits of Slime
 72328 | Slime:1  | You are sucked into a shaft and drop 1 floor!
 72333 | Slime:2  | Noticed Dissolution
 72349 | Slime:2  | Killed Dissolution
 72382 | Slime:1  | Gained mutation: You are dopey. (Int -2) [a shining eye]
 72729 | Slime:2  | Gained mutation: You occasionally lose the ability to drink
                  | potions when taking damage. [a shining eye]
 73087 | Slime:5  | Entered Level 5 of the Pits of Slime
 73087 | Slime:5  | Found a viscous altar of Jiyva.
 73757 | Slime:5  | Gained mutation: You have hidden genetic defects. [a
                  | shining eye]
 73759 | Slime:5  | Gained mutation: You occasionally lose the ability to read
                  | scrolls when taking damage. [a shining eye]
 73942 | Slime:5  | Lost mutation: You expend magic power (3 MP) to strengthen
                  | your wands. [potion of mutation]
 73942 | Slime:5  | Lost mutation: You are dopey. (Int -2) [potion of mutation]
 73942 | Slime:5  | Lost mutation: You occasionally lose the ability to read
                  | scrolls when taking damage. [potion of mutation]
 73942 | Slime:5  | Lost mutation: You are strong-willed. (Will+) [potion of
                  | mutation]
 73942 | Slime:5  | Lost mutation: You passively dampen the noise of your
                  | surroundings. [potion of mutation]
 73942 | Slime:5  | Gained mutation: You have sharp fingernails. [potion of
                  | mutation]
 73943 | Slime:5  | Lost mutation: You are covered in fur. (AC +1) [potion of
                  | mutation]
 73943 | Slime:5  | Lost mutation: You have sharp fingernails. [potion of
                  | mutation]
 73943 | Slime:5  | Lost mutation: You have hidden genetic defects. [potion of
                  | mutation]
 73943 | Slime:5  | Gained mutation: You occasionally lose the ability to read
                  | scrolls when taking damage. [potion of mutation]
 73943 | Slime:5  | Gained mutation: You have hidden genetic potential. [potion
                  | of mutation]
 73944 | Slime:5  | Lost mutation: You occasionally lose the ability to read
                  | scrolls when taking damage. [potion of mutation]
 73944 | Slime:5  | Lost mutation: You have hidden genetic potential. [potion
                  | of mutation]
 73944 | Slime:5  | Gained mutation: You have a pair of small horns on your
                  | head. [potion of mutation]
 73944 | Slime:5  | Gained mutation: You occasionally shout uncontrollably at
                  | your foes. [potion of mutation]
 73944 | Slime:5  | Gained mutation: Your mind is acute. (Int +4, Str/Dex -1)
                  | [potion of mutation]
 73945 | Slime:5  | Lost mutation: You have a pair of small horns on your head.
                  | [potion of mutation]
 73945 | Slime:5  | Lost mutation: You occasionally shout uncontrollably at
                  | your foes. [potion of mutation]
 73945 | Slime:5  | Gained mutation: You are partially covered in iridescent
                  | scales. (AC +2) [potion of mutation]
 73945 | Slime:5  | Gained mutation: Your muscles are strong. (Str +4, Int/Dex
                  | -1) [potion of mutation]
 73946 | Slime:5  | Lost mutation: Your muscles are strong. (Str +4, Int/Dex
                  | -1) [potion of mutation]
 73946 | Slime:5  | Lost mutation: Your mind is acute. (Int +4, Str/Dex -1)
                  | [potion of mutation]
 73946 | Slime:5  | Lost mutation: You are partially covered in iridescent
                  | scales. (AC +2) [potion of mutation]
 73946 | Slime:5  | Gained mutation: Armour fits poorly on your strangely
                  | shaped body. [potion of mutation]
 73946 | Slime:5  | Gained mutation: You are strong-willed. (Will+) [potion of
                  | mutation]
 73946 | Slime:5  | Gained mutation: You are partially covered in large bone
                  | plates. (SH +4) [potion of mutation]
 73946 | Slime:5  | Gained mutation: Your flesh is cold resistant. (rC+)
                  | [potion of mutation]
 73947 | Slime:5  | Lost mutation: Armour fits poorly on your strangely shaped
                  | body. [potion of mutation]
 73947 | Slime:5  | Lost mutation: You occasionally lose the ability to drink
                  | potions when taking damage. [potion of mutation]
 73947 | Slime:5  | Lost mutation: You are strong-willed. (Will+) [potion of
                  | mutation]
 74093 | Slime:5  | Noticed the Royal Jelly
 74102 | Slime:5  | Killed the Royal Jelly
 74243 | Slime:5  | Got a slimy rune of Zot
 74244 | Slime:5  | Identified the ring "Xuyqid" {Int-5 Dex+2 Slay+4 SInv}
 74273 | Slime:5  | Identified the +0 fire dragon scales of Demonic Creativity
                  | {rF++ rC- Regen+ Int+6}
 74277 | Slime:5  | Identified the ring "Kineiloci" {rN+ Will++ Str-3 Int+6
                  | Dex+4}
 74317 | Slime:5  | Identified the +3 mace of Jeajiom {chaos, *Slow Str+6
                  | Int+5}
 74341 | Slime:5  | Identified the ring of Relativism {+Blink Fly rC+ Stlth-}
 74355 | Slime:5  | Identified the +1 halberd "Qol Isue" {drain, Will++ Int-2}
 74776 | Hell     | Entered the Vestibule of Hell
 74776 | Hell     | Noticed Geryon
 74789 | Hell     | Killed Geryon
 74970 | Hell     | Found a gateway to the decaying netherworld of Tartarus.
 75017 | Hell     | Found a gateway to the freezing wastes of Cocytus.
 75111 | Hell     | Found a gateway to the Iron City of Dis.
 75143 | Hell     | Found a gateway to the ashen valley of Gehenna.
 75170 | Geh:1    | Entered Level 1 of Gehenna
 75178 | Geh:1    | Reached skill level 5 in Translocations
 75404 | Geh:2    | You fall into a shaft and drop 1 floor!
 76122 | Geh:7    | Entered Level 7 of Gehenna
 76268 | Geh:7    | Noticed the Serpent of Hell
 76278 | Geh:7    | Killed the Serpent of Hell
 76506 | Geh:7    | Identified the +3 broad axe "Qiotan" {antimagic, rElec}
 76679 | Geh:7    | Found the +13 sceptre of Asmodeus
 76679 | Geh:7    | Noticed Asmodeus
 76685 | Geh:7    | Killed Asmodeus
 76692 | Geh:7    | Got an obsidian rune of Zot
 76884 | Coc:1    | Entered Level 1 of Cocytus
 77372 | Coc:4    | You are sucked into a shaft and drop 2 floors!
 77479 | Coc:7    | Entered Level 7 of Cocytus
 77481 | Coc:7    | Paralysed by a wendigo for 1 turns
 77485 | Coc:7    | Paralysed by a wendigo for 1 turns
 77726 | Coc:7    | Paralysed by a wendigo for 1 turns
 77875 | Coc:7    | Paralysed by a wendigo for 1 turns
 77999 | Coc:7    | Noticed Antaeus
 78012 | Coc:7    | Killed Antaeus
 78084 | Coc:7    | Identified the +0 plate armour of Luakoeh {rPois Str+5}
 78149 | Coc:7    | Got an icy rune of Zot
 78277 | Dis:1    | Entered Level 1 of the Iron City of Dis
 78486 | Dis:2    | Noticed an ancient lich
 78497 | Dis:2    | Killed an ancient lich
 78570 | Dis:4    | Reached skill level 15 in Invocations
 79060 | Dis:6    | Reached skill level 27 in Spellcasting
 79134 | Dis:7    | Entered Level 7 of the Iron City of Dis
 79996 | Dis:7    | Reached skill level 10 in Translocations
 80062 | Dis:7    | Noticed a juggernaut
 80069 | Dis:7    | Killed a juggernaut
 80482 | Dis:7    | Got A Opusculum on Starting Spells
 80676 | Dis:7    | Noticed a juggernaut
 80683 | Dis:7    | Killed a juggernaut
 80807 | Dis:7    | Noticed a juggernaut
 80814 | Dis:7    | Killed a juggernaut
 80876 | Dis:7    | Noticed Dispater
 80881 | Dis:7    | Killed Dispater
 80890 | Dis:7    | Found the brooch of Shielding {Spirit SH+8}
 80895 | Dis:7    | Identified the +7 flail "Plojy" {heavy, Will+ Str+3 Dex+2}
 80897 | Dis:7    | Got an iron rune of Zot
 80900 | Dis:7    | Identified the ring of Zossutzi {Will+ rCorr Int+2}
 81060 | Tar:1    | Entered Level 1 of Tartarus
 81300 | Tar:4    | Noticed a dread lich
 81310 | Tar:4    | Killed a dread lich
 81711 | Tar:7    | Entered Level 7 of Tartarus
 81986 | Tar:7    | Reached skill level 27 in Ice Magic
 82189 | Tar:7    | Identified the +5 broad axe of the Hall of Blades {heavy,
                  | rElec rPois rCorr}
 82584 | Tar:7    | Identified the ring of the Transmuting Coward {Fire Str+3
                  | Int+4 Dex+3 Slay+3}
 83092 | Tar:7    | Noticed Ereshkigal
 83263 | Tar:7    | Killed Ereshkigal
 83269 | Tar:7    | Got a bone rune of Zot
 83705 | Pan      | Entered the realm of Mnoleg.
 83705 | Pan      | Entered Pandemonium
 83705 | Pan      | Noticed Mnoleg
 83716 | Pan      | Killed Mnoleg
 83756 | Pan      | Gained mutation: Your spells are a little easier to cast,
                  | but a little less powerful. [a cacodemon]
 83793 | Pan      | Gained mutation: Potions are less effective at restoring
                  | your health. [a cacodemon]
 83812 | Pan      | Identified the +2 sling "Soliog" {drain, Str-4 Int+5 Dex+4
                  | Stlth+}
 83834 | Pan      | Got a glowing rune of Zot
 83893 | Pan      | Found an exit through the horrors of the Abyss.
 83974 | Pan      | Noticed Cojuger the pandemonium lord
 83980 | Pan      | Killed Cojuger the pandemonium lord
 83988 | Pan      | Reached skill level 27 in Fighting
 84080 | Pan      | Gained mutation: You occasionally lose the ability to drink
                  | potions when taking damage. [a cacodemon]
 84107 | Pan      | Lost mutation: Your spells are a little easier to cast, but
                  | a little less powerful. [potion of mutation]
 84107 | Pan      | Lost mutation: You occasionally lose the ability to drink
                  | potions when taking damage. [potion of mutation]
 84107 | Pan      | Gained mutation: You are frail. (-10% HP) [potion of
                  | mutation]
 84107 | Pan      | Gained mutation: You sometimes lose your temper in combat.
                  | [potion of mutation]
 84107 | Pan      | Gained mutation: You have an increased reservoir of magic.
                  | (+10% MP) [potion of mutation]
 84108 | Pan      | Lost mutation: Your flesh is cold resistant. (rC+) [potion
                  | of mutation]
 84108 | Pan      | Lost mutation: You are partially covered in large bone
                  | plates. (SH +4) [potion of mutation]
 84108 | Pan      | Gained mutation: You are covered in fur. (AC +1) [potion of
                  | mutation]
 84126 | Pan      | Noticed Yhyeck the pandemonium lord
 84133 | Pan      | Killed Yhyeck the pandemonium lord
 84155 | Pan      | Found an exit through the horrors of the Abyss.
 84167 | Pan      | Identified the orb of Qazlal's Reproof {*channel, Will+
                  | Necro}
 84219 | Pan      | Identified the ring of Benevolence {^Contam rCorr MP+9
                  | Str+4 Int+6}
 84498 | Pan      | Reached skill level 27 in Dodging
 84554 | Pan      | Noticed Xois the pandemonium lord
 84566 | Pan      | Killed Xois the pandemonium lord
 84868 | Pan      | Gained mutation: You are occasionally teleported next to
                  | monsters. [a cacodemon]
 84926 | Pan      | Noticed Plog the pandemonium lord
 84930 | Pan      | Killed Plog the pandemonium lord
 84961 | Pan      | Got a demonic rune of Zot
 85002 | Pan      | Identified the +4 scale mail "Fais" {Str+3}
 85055 | Pan      | Entered the realm of Cerebov.
 85082 | Pan      | Found an exit through the horrors of the Abyss.
 85184 | Pan      | Found the +6 sword of Cerebov {flame}
 85184 | Pan      | Noticed Cerebov
 85191 | Pan      | Killed Cerebov
 85297 | Pan      | Got a fiery rune of Zot
 85441 | Pan      | Identified the ring of the Marlin {Fly rC+ Stlth+}
 85517 | Pan      | Entered the realm of Lom Lobon.
 85738 | Pan      | Noticed Lom Lobon
 85757 | Pan      | Killed Lom Lobon
 85769 | Pan      | Got a magical rune of Zot
 85838 | Pan      | Noticed Rein the pandemonium lord
 85847 | Pan      | Killed Rein the pandemonium lord
 85873 | Pan      | Entered the realm of Gloorx Vloq.
 85997 | Pan      | Found an exit through the horrors of the Abyss.
 86320 | Pan      | Noticed Gloorx Vloq
 86334 | Pan      | Killed Gloorx Vloq
 86376 | Pan      | Got a dark rune of Zot
 86460 | Pan      | Took an exit into the Abyss.
 86460 | Abyss:1  | Escaped into the Abyss
 86476 | Abyss:1  | Found a corrupted altar of Lugonu.
 86550 | Abyss:1  | Found a corrupted altar of Lugonu.
 86704 | Abyss:1  | Noticed an ancient lich
 86714 | Abyss:1  | Killed an ancient lich
 86741 | Abyss:2  | Found a corrupted altar of Lugonu.
 86758 | Abyss:2  | Found a corrupted altar of Lugonu.
 86784 | Abyss:2  | Found a corrupted altar of Lugonu.
 86798 | Abyss:2  | Found a corrupted altar of Lugonu.
 86866 | Abyss:3  | Got an abyssal rune of Zot
 87017 | Depths:2 | Escaped the Abyss
 87093 | Depths:2 | Identified the ring of the Centaur {Fly rElec rPois rCorr}
 87795 | Zot:3    | Lost mutation: You are frail. (-10% HP) [potion of
                  | mutation]
 87795 | Zot:3    | Lost mutation: You sometimes lose your temper in combat.
                  | [potion of mutation]
 87795 | Zot:3    | Gained mutation: You possess an exceptional clarity of
                  | mind. [potion of mutation]
 87795 | Zot:3    | Gained mutation: You are partially covered in iridescent
                  | scales. (AC +2) [potion of mutation]
 87805 | Zot:3    | Noticed an orb of fire
 87808 | Zot:3    | Gained mutation: You occasionally lose the ability to read
                  | scrolls when taking damage. [an orb of fire]
 87810 | Zot:3    | Lost mutation: You possess an exceptional clarity of mind.
                  | [an orb of fire]
 87823 | Zot:3    | Lost mutation: You have an increased reservoir of magic.
                  | (+10% MP) [an orb of fire]
 87825 | Zot:3    | Killed an orb of fire
 88062 | Zot:3    | Noticed an orb of fire
 88070 | Zot:3    | Killed an orb of fire
 88651 | Zot:4    | Noticed an orb of fire
 88656 | Zot:4    | Killed an orb of fire
 89340 | Zot:5    | Entered Level 5 of the Realm of Zot
 89664 | Zot:5    | Noticed a dread lich
 89664 | Zot:5    | Noticed a dread lich
 89664 | Zot:5    | Noticed an orb of fire
 89664 | Zot:5    | Noticed an orb of fire
 89664 | Zot:5    | Noticed an orb of fire
 89666 | Zot:5    | Noticed an orb of fire
 89666 | Zot:5    | Gained mutation: You are clumsy. (Dex -2) [an orb of fire]
 89667 | Zot:5    | Noticed an orb of fire
 89674 | Zot:5    | Killed an orb of fire
 89675 | Zot:5    | Killed an orb of fire
 89676 | Zot:5    | Killed a dread lich
 89682 | Zot:5    | Killed an orb of fire
 89682 | Zot:5    | Gained mutation: You are frail. (-10% HP) [an orb of fire]
 89684 | Zot:5    | Killed a dread lich
 89684 | Zot:5    | Gained mutation: Your health recovers twice as slowly from
                  | being drained. [an orb of fire]
 89685 | Zot:5    | Gained mutation: You occasionally lose the ability to drink
                  | potions when taking damage. [an orb of fire]
 89689 | Zot:5    | Killed an orb of fire
 89690 | Zot:5    | Killed an orb of fire
 89789 | Zot:5    | Noticed a dread lich
 89794 | Zot:5    | Noticed an orb of fire
 89796 | Zot:5    | Noticed an orb of fire
 89797 | Zot:5    | Gained mutation: You are dopey. (Int -2) [an orb of fire]
 89797 | Zot:5    | Noticed an orb of fire
 89798 | Zot:5    | Killed a dread lich
 89799 | Zot:5    | Killed an orb of fire
 89800 | Zot:5    | Gained mutation: You are weak. (Str -2) [an orb of fire]
 89801 | Zot:5    | Killed a dread lich
 89803 | Zot:5    | Noticed an ancient lich
 89803 | Zot:5    | Killed an ancient lich
 89805 | Zot:5    | Killed an orb of fire
 89806 | Zot:5    | Killed an orb of fire
 90038 | Zot:5    | Lost mutation: You are dopey. (Int -2) [potion of mutation]
 90038 | Zot:5    | Lost mutation: You are occasionally teleported next to
                  | monsters. [potion of mutation]
 90038 | Zot:5    | Gained mutation: You are dopey. (Int -2) [potion of
                  | mutation]
 90038 | Zot:5    | Gained mutation: You possess an exceptional clarity of
                  | mind. [potion of mutation]
 90647 | Zot:5    | Got the Orb of Zot
 90752 | Zot:1    | Noticed Ettaow the pandemonium lord
 90755 | Zot:1    | Killed Ettaow the pandemonium lord
 90982 | D:12     | Noticed Noozab the pandemonium lord
 91041 | D:6      | Noticed Lizalezo the pandemonium lord
 91117 | D:4      | Noticed Poow the pandemonium lord
 91121 | D:4      | Killed Poow the pandemonium lord
 91264 | D:$      | Escaped with the Orb!

Illustrated notes

Levels and vault maps discovered:
D:1:      minmay_arrival_nine_rooms, layout_basic,
          hellmonk_ecumenical_altar_zigzags, minmay_worlds_worst_comb
D:2:      layout_loops_ring, nrook_uturn, corexii_hall_statues_t, uniq_jessica
D:3:      layout_loops_cross, kennysheep_cluttered_room
D:4:      layout_cave_pools, temple_hall, serial_undead, serial_undead_d,
          serial_undead_b, serial_undead_d, serial_undead_c, minmay_crossroads,
          uniq_grinder
D:5:      layout_layer_cave, grunt_temple_overflow_lords_of_destruction,
          gup_sewer_entry_bubbles, uniq_pikel, uniq_menkaure
D:6:      layout_basic, nicolae_overflow_hidden_temple
D:7:      layout_cave_pools, old_standard_altar,
          nicolae_dithmenos_shadow_blocks, grunt_ministairs_12
D:8:      layout_basic, dreamdust_mushroom_princess, hangedman_decor_slide_cut,
          kennysheep_another_room, hangedman_abyss_or_decor_slice,
          minmay_hedge_maze, kennysheep_kite_vault, uniq_grum
D:9:      layout_roguey, eat_drink_and_be_merry_uskayaw, lemuel_flamethrower_1
D:10:     layout_roguey [special_room_kobold], minmay_lair_entry_grove
D:11:     layout_long_grid, david_orc_2, hangedman_decor_lopped
D:12:     layout_loops_cross, minmay_stone_trees_medium
D:13:     layout_rooms, serial_shops, shop, uniq_sonja
D:14:     layout_layer_cave, david_vaults_1, serial_shops, nicolae_square_shop
D:15:     grunt_enter_depths_giant_problem, layout_loops_corners,
          hangedman_abyss_or_decor_stagger, uniq_kirke
Temple:   hellmonk_temple_of_storms
Lair:1:   layout_gridlike, nicolae_volcano_entry_vermiform,
          minmay_lair_oklob_bushes, infiniplex_staircase_pool, uniq_gastronok
Lair:2:   layout_long_grid, skrybe_swamp_entry_bodies,
          nicolae_spider_entry_orb_guardian
Lair:3:   layout_regular_city, serial_bayou_pond_a,
          grunt_forest_stairs_clearing, grunt_megastairs_3
Lair:4:   layout_regular_city, slime_entry_2, gammafunk_ghost_grave,
          lemuel_fruit_tree, serial_bayou_shore_b
Lair:5:   evilmike_catoblepas_cave, layout_loops_ring, dpeg_oklob_1
Swamp:1:  layout_falls_marsh, portal_ice_cave_entry_pillars_1,
          nicolae_swamp_oxbows, swamp_pool_3, nicolae_swamp_tree_isthmus
Swamp:2:  layout_falls_marsh, evilmike_swamp_ruin_house_6, uniq_aizul
Swamp:3:  layout_basic_swamp, basic_altar
Swamp:4:  swamp_vile, layout_basic_swamp, swamp_pool_1_2
Spider:1: layout_spider_delve, nicolae_spider_bug_shape
Spider:2: layout_spider_delve
Spider:3: layout_chambers, drop_trap, uniq_roxanne, uniq_donald, uniq_asterion
Spider:4: hellmonk_spider_rune_endless_swarm, uniq_louise
Slime:1:  cheibrodos_slime_lost_civilization_3, layout_caves,
          cheibrodos_slime_lost_civilization_6
Slime:2:  layout_caves, dissolution_awaits
Slime:3:  layout_caves
Slime:4:  layout_caves
Slime:5:  slime_pit_nicolae_jellycorners
Orc:1:    layout_caves, serial_shops, nicolae_shop_peninsula, shop,
          nicolae_diamond_shop
Orc:2:    st_orc_open, layout_caves, basic_altar, blackcustard_rock_pile
Elf:1:    eino_elf_arrival_the_gate, layout_rooms, hellmonk_ghost_big_iron,
          nicolae_elf_altarnating
Elf:2:    elven_hall_of_blades_hangedman_original
          [nicolae_blade_entry_splitting_headache], layout_geoelf_diagonals
Elf:3:    minmay_elf_hall_golems, layout_onion_city, uniq_saint_roka, uniq_mara
Vaults:1: vaults_dpeg_hooks, vaults_room_corners, nicolae_vaults_network_star,
          nicolae_vaults_closet_pinwheel_2, v_misc_17,
          nicolae_vaults_tetromino_L_2, hangedman_vaults_trim,
          vaults_room_grunt_arrival_ludios, nicolae_vaults_tetromino_Z_2,
          layout_vaults_omnigrid, uniq_norris
Vaults:2: nicolae_vaults_spaceships, nicolae_vaults_lightning_bolt,
          ontoclasm_vaults_ring_small, nicolae_vaults_border_crossing,
          nicolae_vaults_alarming, nicolae_vaults_closet_pinwheel_5,
          nicolae_vaults_cochlea, nicolae_vaults_diffraction_hallways,
          vaults_room_pool, nicolae_vaults_hexular_roomagon,
          nicolae_vaults_trapezoid_layered,
          nicolae_vaults_doubleplus_tesselated, nicolae_vaults_surprise_closet,
          nicolae_vaults_diamond_2, layout_vaults_big_room, uniq_zenata
Vaults:3: nicolae_vaults_disjoint_gnomons, v_pattern_1,
          nicolae_vaults_network_square, v_misc_22, vaults_room_hallway,
          grunt_vaults_swirl, nicolae_vaults_closet_pinwheel_5,
          nicolae_vaults_tetromino_L_2, nicolae_vaults_two_Ls,
          vaults_room_fours, nicolae_vaults_ring_of_whatevers,
          layout_vaults_omnibox
Vaults:4: vaults_mumra_chevron_long, ontoclasm_vaults_idyll,
          nicolae_vaults_arrows, hangedman_vaults_restitches,
          ontoclasm_vaults_tryst, v_misc_8, nicolae_vaults_little_squares_4,
          hangedman_vaults_trim, st_smaller_cells, v_misc_32,
          grunt_vaults_diagonal, dpeg_vaults_monster_row,
          nicolae_vaults_variable_pillar_hall, v_pattern_5, layout_vaults_maze,
          uniq_margery
Vaults:5: uniq_jory
Crypt:1:  layout_chaotic_city, ebering_ghost_reflecting_pool,
          lemuel_upstairs_altar
Crypt:2:  layout_gridlike, grunt_ministairs_14, glass_columns_a, uniq_khufu
Crypt:3:  grunt_crypt_end_deaths_head
Tomb:1
Tomb:2
Tomb:3
Depths:1: layout_gridlike, hangedman_tar_grid_catacomb, serial_bayou_ford_a,
          pan_entry, chequers_serial_rivers_micro_d, dk_noncrumbling_2,
          chequers_hall_statues_corner_a, lemuel_angel_altar
Depths:2: gammafunk_sealed_arena, layout_basic, hell_entry, nrook_campfire,
          rand_demon_pan_entry_7, wad_floor_pattern_2, minmay_statues_item,
          infiniplex_staircase_spiral_double, minmay_shop_grove
Depths:3: kennysheep_bubbly, layout_gridlike, enter_ziggurat_a,
          cheibrodos_ashenzari_chains, abyss_entry_flame_altar, hell_entry,
          nicolae_gozag_cash_rules_everything_around_me
Depths:4: grunt_zot_entry_bicorn, layout_twisted_cross,
          chequers_serial_rivers_room_a, gammafunk_ghost_icy,
          grunt_hell_entry_dis_old
Hell
Dis:1:    layout_subdivisions
Dis:2:    layout_gridville, minmay_strange_pillars
Dis:3:    layout_jigsaw
Dis:4:    layout_gridville
Dis:5:    layout_gridville, nicolae_dis_strange_trophy_room
Dis:6:    layout_subdivisions, nicolae_dis_emergency_hatch
Dis:7:    dis_grunt_layers
Geh:1:    layout_gehenna_lava_caves
Geh:2:    layout_gehenna_lava_caves
Geh:3:    layout_gehenna_lava_caves, nicolae_geh_isolated_escape
Geh:4:    layout_gehenna_pools_basic
Geh:5:    layout_gehenna_pools_triple
Geh:6:    layout_gehenna_lava_caves
Geh:7:    geh_old
Coc:1:    layout_cocytus_water_paths
Coc:2:    layout_ice_bergs
Coc:3:    layout_cocytus_delve
Coc:4:    layout_cocytus_delve, nicolae_hells_seeping_fissure
Coc:6:    layout_ice_bergs
Coc:7:    coc_grunt_cove [coc_grunt_cove_antaeus, coc_grunt_cove_fiend,
          coc_grunt_cove_fiend, coc_grunt_cove_fiend, coc_grunt_cove_fiend]
Tar:1:    layout_grid_maze
Tar:2:    layout_honeycomb
Tar:3:    layout_grid_maze
Tar:4:    nicolae_tar_honey_stairs, layout_cathedral_of_symmetry
Tar:5:    layout_cathedral_of_symmetry
Tar:6:    layout_cathedral_of_symmetry
Tar:7:    tar_mu [tar_mu_maze]
Zot:1:    layout_basic, regret_index_zotdec_twisting_globes, uniq_tiamat,
          uniq_josephina, uniq_grunn
Zot:2:    layout_misc_corridors, regret_index_zotdec_banners, zot_minivault_2
Zot:3:    layout_gridlike
Zot:4:    kennysheep_oblong_rooms, layout_twisted_circle,
          regret_index_zotdec_barnacled_alternative, nicolae_zot_crop_circle,
          grunt_megastairs_5
Zot:5:    layout_concentric_octagons

Skill      XL: |  1  2  3  4  5  6  7  8  9 10 11 12 13 14 15 16 17 18 19 20 21 22 23 24 25 26 27 |
---------------+----------------------------------------------------------------------------------+-----
Fighting       | 2 3 5 6 8 9 10 11 12 13 14 15 27 | 27.0
Evocations     | 4 |  4.0
Long Blades    | 3 7 9 10 12 14 16 17 18 22 | 22.0
Dodging        | 2 4 6 7 8 9 10 11 12 13 14 15 16 17 27 | 27.0
Shapeshifting  | 4 7 9 11 13 16 25 | 25.0
Spellcasting   | 2 6 8 10 11 12 14 16 18 20 21 27 | 27.0
Ice Magic      | 3 7 10 11 12 14 16 18 20 23 25 26 27 | 27.0
Invocations    | 2 5 7 9 25 | 25.4
Alchemy        | 2 4 6 7 9 |  9.0
Conjurations   | 2 4 6 |  6.0
Air Magic      | 2 5 9 25 | 25.0
Hexes          | 9 11 12 13 25 | 25.0
Translocations | 2 4 12 | 12.0
Earth Magic    | 2 5 9 |  9.0
Armour         | |  2.4
Stealth        | |  0.8

Action                     |  1- 3 |  4- 6 |  7- 9 | 10-12 | 13-15 | 16-18 | 19-21 | 22-24 | 25-27 || total
---------------------------+-------+-------+-------+-------+-------+-------+-------+-------+-------++-------
  Melee: Club              |    60 |       |       |       |       |       |       |       |       ||    60
         Whip              |    19 |       |   202 |    29 |       |       |       |       |       ||   250
         Mace              |    22 |       |       |       |       |       |       |       |       ||    22
         Rapier            |   101 |    83 |   313 |       |       |       |       |       |       ||   497
         Spear             |       |    16 |    15 |       |       |       |       |       |       ||    31
         Scimitar          |       |       |       |   175 |   660 |  1530 |   643 |       |       ||  3008
         Falchion          |       |       |       |   606 |   406 |       |       |       |       ||  1012
         Dagger            |       |       |       |    10 |    17 |       |       |       |       ||    27
         Hand axe          |       |       |       |       |     5 |       |       |       |       ||     5
         Unarmed           |       |       |       |       |       |     6 |       |       |       ||     6
         Triple sword      |       |       |       |       |       |       |   594 |  1360 |   249 ||  2203
         Double sword      |       |       |       |       |       |       |       |       |  1986 ||  1986
         Staff             |       |       |       |       |       |       |       |       |     2 ||     2
   Fire: Orcbow            |       |       |       |       |   142 |    24 |       |       |       ||   166
  Throw: Dart              |       |       |    28 |    22 |    14 |     2 |     4 |     1 |       ||    71
         Throwing net      |       |       |       |     2 |     1 |       |       |     5 |    10 ||    18
   Cast: Frozen Ramparts   |       |       |       |       |       |    56 |    10 |       |       ||    66
         Freezing Cloud    |       |       |       |       |       |    15 |    62 |    30 |       ||   107
         Mephitic Cloud    |       |       |       |       |       |    12 |     3 |       |       ||    15
         Silence           |       |       |       |       |       |       |    35 |     2 |     1 ||    38
         Irradiate         |       |       |       |       |       |       |     7 |    32 |    32 ||    71
         Sculpt Simulacrum |       |       |       |       |       |       |    30 |    67 |       ||    97
         Ozocubu's Armour  |       |       |       |       |       |       |     4 |     9 |     2 ||    15
         Ozocubu's Refrige |       |       |       |       |       |       |     4 |    24 |   129 ||   157
         Blink             |       |       |       |       |       |       |       |     1 |    14 ||    15
         Yara's Violent Un |       |       |       |       |       |       |       |     2 |    22 ||    24
         Polar Vortex      |       |       |       |       |       |       |       |       |   503 ||   503
         Lesser Beckoning  |       |       |       |       |       |       |       |       |    25 ||    25
         Enfeeble          |       |       |       |       |       |       |       |       |    36 ||    36
         Passage of Golubr |       |       |       |       |       |       |       |       |     9 ||     9
         Discord           |       |       |       |       |       |       |       |       |   299 ||   299
         Maxwell's Capacit |       |       |       |       |       |       |       |       |    85 ||    85
         Summon Mana Viper |       |       |       |       |       |       |       |       |    24 ||    24
         Passwall          |       |       |       |       |       |       |       |       |    21 ||    21
         Lee's Rapid Decon |       |       |       |       |       |       |       |       |    13 ||    13
         Apportation       |       |       |       |       |       |       |       |       |     6 ||     6
         Vhi's Electric Ch |       |       |       |       |       |       |       |       |     4 ||     4
 Invoke: Stomp             |       |       |       |     1 |       |     2 |       |       |       ||     3
         Line Pass         |       |       |       |       |       |     2 |       |       |       ||     2
         Grand Finale      |       |       |       |       |       |     1 |       |     1 |     6 ||     8
Ability: Hop               |     4 |       |     4 |     8 |     9 |    11 |     5 |     7 |    28 ||    76
         Begin Untransform |       |       |       |       |     3 |     1 |       |       |     5 ||     9
  Evoke: Wand              |     9 |    19 |    27 |     8 |     2 |    12 |     4 |    11 |     8 ||   100
         Phial of floods   |       |       |       |       |       |     1 |     4 |       |     1 ||     6
         Phantom mirror    |       |       |       |       |       |       |     1 |       |     1 ||     2
    Use: Scroll            |       |       |     6 |     9 |    12 |     8 |     6 |     1 |    48 ||    90
         Potion            |       |       |     2 |       |     6 |       |       |     1 |    78 ||    87
   Stab: Sleeping          |     1 |       |     5 |       |     5 |     1 |     6 |     2 |     1 ||    21
         Paralysed         |       |       |       |    23 |    64 |   109 |    77 |    88 |   217 ||   578
         Held in net/web   |       |       |       |     2 |       |       |       |     4 |       ||     6
         Distracted        |       |       |       |       |       |     1 |     4 |     7 |     9 ||    21
         Confused          |       |       |       |       |       |     8 |     2 |       |       ||    10
         Invisible         |       |       |       |       |       |       |       |       |     5 ||     5
         Petrified         |       |       |       |       |       |       |       |       |     2 ||     2
         Petrifying        |       |       |       |       |       |       |       |       |     1 ||     1
 Armour: Leather armour    |   121 |       |       |       |       |       |       |       |       ||   121
         Robe              |    85 |    72 |   354 |    49 |       |       |       |       |       ||   560
         Steam dragon scal |       |       |       |   131 |       |       |       |       |       ||   131
         Acid dragon scale |       |       |       |   219 |   129 |       |       |       |       ||   348
         Skin              |       |       |       |       |   378 |  1570 |  1155 |  1995 |  3701 ||  8799
         Troll leather arm |       |       |       |       |    66 |       |       |       |       ||    66
  Dodge: Dodged            |   162 |    66 |   356 |   434 |  1198 |  2769 |  1918 |  2460 |  5103 || 14466
  Block: Buckler           |       |    13 |    59 |       |    41 |   658 |   265 |       |       ||  1036
   Form: Statue            |       |       |       |       |     4 |     1 |       |       |     6 ||    11
                           |       |       |       |       |       |       |       |       |     1 ||     1

Table legend: (Time is in decaauts)
 A = Elapsed time spent in this place.
 B = Non-inter-level travel time spent in this place.
 C = Inter-level travel time spent in this place.
 D = Time resting spent in this place.
 E = Time spent auto-exploring this place.
 F = Levels seen in this place.
 G = Mean time per level.
                   A        B        C        D        E       F      G
               +--------+--------+--------+--------+--------+-----+--------+
         Total | 126075 | 113703 |  12372 |  24347 |  54360 | 135 |  933.9 |
       Dungeon |  30741 |  27166 |   3575 |   9182 |  12445 |  15 | 2049.4 |
        Temple |      2 |      2 |      0 |      0 |      0 |   1 |    2.0 |
          Lair |   9994 |   8550 |   1444 |   1645 |   4905 |   5 | 1998.8 |
         Swamp |   4235 |   4008 |    227 |    444 |   2112 |   4 | 1058.8 |
   Spider Nest |   6418 |   6093 |    325 |    632 |   3195 |   4 | 1604.5 |
    Slime Pits |   3275 |   2967 |    308 |    231 |   1777 |   5 |  655.0 |
  Orcish Mines |   1620 |   1379 |    241 |      3 |    988 |   2 |  810.0 |
   Elven Halls |   5845 |   5610 |    235 |   1380 |   2412 |   3 | 1948.3 |
        Vaults |  11420 |  10258 |   1162 |   2364 |   5729 |   5 | 2284.0 |
         Crypt |   5752 |   5121 |    631 |   1331 |   2134 |   3 | 1917.3 |
          Tomb |   3675 |   3314 |    361 |    263 |   1659 |   3 | 1225.0 |
        Depths |   9293 |   7335 |   1958 |   1409 |   4123 |   4 | 2323.2 |
          Hell |    932 |    823 |    109 |     96 |    378 |   1 |  932.0 |
           Dis |   3806 |   3589 |    217 |    724 |   1435 |   7 |  543.7 |
       Gehenna |   2435 |   2107 |    328 |    283 |    856 |   7 |  347.9 |
       Cocytus |   1971 |   1880 |     91 |    207 |    444 |   6 |  328.5 |
      Tartarus |   3611 |   2763 |    848 |    271 |   1687 |   7 |  515.9 |
           Zot |   7200 |   6896 |    304 |    454 |   5015 |   5 | 1440.0 |
         Abyss |    811 |    811 |      0 |      0 |      1 |   4 |  202.8 |
   Pandemonium |   3980 |   3980 |      0 |    353 |    663 |  14 |  284.3 |
      Ziggurat |   7378 |   7378 |      0 |   2529 |   2060 |  27 |  273.3 |
         Sewer |    210 |    210 |      0 |     34 |     98 |   1 |  210.0 |
      Ice Cave |    756 |    756 |      0 |    249 |     91 |   1 |  756.0 |
       Volcano |    704 |    704 |      0 |    256 |    147 |   1 |  704.0 |
               +--------+--------+--------+--------+--------+-----+--------+

Top non-repeatable levels by time:
    D:14: 3900 daAuts
Vaults:4: 3631 daAuts
Depths:4: 3195 daAuts
    D:15: 3125 daAuts
  Lair:1: 3120 daAuts
 Crypt:3: 2937 daAuts
     D:8: 2880 daAuts
   Dis:7: 2680 daAuts
   Tar:7: 2671 daAuts
   Elf:3: 2659 daAuts
    D:12: 2516 daAuts
Vaults:2: 2375 daAuts
  Lair:5: 2282 daAuts
    D:10: 2208 daAuts
Spider:3: 2195 daAuts
